%YAML 1.1
%TAG !u! tag:unity3d.com,2011:
--- !u!1 &185229960995514156
GameObject:
  m_ObjectHideFlags: 0
  m_CorrespondingSourceObject: {fileID: 0}
  m_PrefabInstance: {fileID: 0}
  m_PrefabAsset: {fileID: 0}
  serializedVersion: 6
  m_Component:
  - component: {fileID: 4509770653363268767}
  m_Layer: 0
  m_Name: middle_03_r
  m_TagString: Untagged
  m_Icon: {fileID: 0}
  m_NavMeshLayer: 0
  m_StaticEditorFlags: 0
  m_IsActive: 1
--- !u!4 &4509770653363268767
Transform:
  m_ObjectHideFlags: 0
  m_CorrespondingSourceObject: {fileID: 0}
  m_PrefabInstance: {fileID: 0}
  m_PrefabAsset: {fileID: 0}
  m_GameObject: {fileID: 185229960995514156}
  m_LocalRotation: {x: 0.00092039624, y: 0.021921216, z: -0.005379262, w: 0.99974483}
  m_LocalPosition: {x: 0.04244217, y: 0.0012683105, z: -0.0014314651}
  m_LocalScale: {x: 0.9999999, y: 0.9999999, z: 0.99999994}
  m_ConstrainProportionsScale: 0
  m_Children: []
  m_Father: {fileID: 5591287410650645140}
  m_RootOrder: 0
  m_LocalEulerAnglesHint: {x: 0, y: 0, z: 0}
--- !u!1 &305590394035827746
GameObject:
  m_ObjectHideFlags: 0
  m_CorrespondingSourceObject: {fileID: 0}
  m_PrefabInstance: {fileID: 0}
  m_PrefabAsset: {fileID: 0}
  serializedVersion: 6
  m_Component:
  - component: {fileID: 4429556333789323128}
  m_Layer: 0
  m_Name: pinky_01_l
  m_TagString: Untagged
  m_Icon: {fileID: 0}
  m_NavMeshLayer: 0
  m_StaticEditorFlags: 0
  m_IsActive: 1
--- !u!4 &4429556333789323128
Transform:
  m_ObjectHideFlags: 0
  m_CorrespondingSourceObject: {fileID: 0}
  m_PrefabInstance: {fileID: 0}
  m_PrefabAsset: {fileID: 0}
  m_GameObject: {fileID: 305590394035827746}
  m_LocalRotation: {x: -0.12921964, y: 0.062379982, z: -0.6925698, w: 0.7069357}
  m_LocalPosition: {x: -0.089027785, y: 0.037615433, z: 0.06717243}
  m_LocalScale: {x: 1.0000002, y: 0.9999999, z: 1}
  m_ConstrainProportionsScale: 0
  m_Children:
  - {fileID: 7587382025913307267}
  m_Father: {fileID: 5038755789000110326}
  m_RootOrder: 2
  m_LocalEulerAnglesHint: {x: 0, y: 0, z: 0}
--- !u!1 &413484499699962456
GameObject:
  m_ObjectHideFlags: 0
  m_CorrespondingSourceObject: {fileID: 0}
  m_PrefabInstance: {fileID: 0}
  m_PrefabAsset: {fileID: 0}
  serializedVersion: 6
  m_Component:
  - component: {fileID: 7000172716436535399}
  m_Layer: 0
  m_Name: clavicle_l
  m_TagString: Untagged
  m_Icon: {fileID: 0}
  m_NavMeshLayer: 0
  m_StaticEditorFlags: 0
  m_IsActive: 1
--- !u!4 &7000172716436535399
Transform:
  m_ObjectHideFlags: 0
  m_CorrespondingSourceObject: {fileID: 0}
  m_PrefabInstance: {fileID: 0}
  m_PrefabAsset: {fileID: 0}
  m_GameObject: {fileID: 413484499699962456}
  m_LocalRotation: {x: 0.2251734, y: -0.78292483, z: -0.08752873, w: 0.57329255}
  m_LocalPosition: {x: -0.118836515, y: -0.0273209, z: -0.03781983}
  m_LocalScale: {x: 1, y: 1, z: 1}
  m_ConstrainProportionsScale: 0
  m_Children:
  - {fileID: 5507971955074256462}
  m_Father: {fileID: 3557283465809169917}
  m_RootOrder: 0
  m_LocalEulerAnglesHint: {x: 0, y: 0, z: 0}
--- !u!1 &681262982001965577
GameObject:
  m_ObjectHideFlags: 0
  m_CorrespondingSourceObject: {fileID: 0}
  m_PrefabInstance: {fileID: 0}
  m_PrefabAsset: {fileID: 0}
  serializedVersion: 6
  m_Component:
  - component: {fileID: 7963665663320312583}
  m_Layer: 0
  m_Name: ring_01_l
  m_TagString: Untagged
  m_Icon: {fileID: 0}
  m_NavMeshLayer: 0
  m_StaticEditorFlags: 0
  m_IsActive: 1
--- !u!4 &7963665663320312583
Transform:
  m_ObjectHideFlags: 0
  m_CorrespondingSourceObject: {fileID: 0}
  m_PrefabInstance: {fileID: 0}
  m_PrefabAsset: {fileID: 0}
  m_GameObject: {fileID: 681262982001965577}
  m_LocalRotation: {x: -0.15880124, y: -0.044328697, z: -0.7387529, w: 0.65349925}
  m_LocalPosition: {x: -0.11335861, y: 0.02112091, z: 0.04876198}
  m_LocalScale: {x: 1.0000001, y: 1, z: 1}
  m_ConstrainProportionsScale: 0
  m_Children:
  - {fileID: 5577257284990523293}
  m_Father: {fileID: 5038755789000110326}
  m_RootOrder: 3
  m_LocalEulerAnglesHint: {x: 0, y: 0, z: 0}
--- !u!1 &909363966417852471
GameObject:
  m_ObjectHideFlags: 0
  m_CorrespondingSourceObject: {fileID: 0}
  m_PrefabInstance: {fileID: 0}
  m_PrefabAsset: {fileID: 0}
  serializedVersion: 6
  m_Component:
  - component: {fileID: 8933028907630619026}
  m_Layer: 0
  m_Name: spine_02
  m_TagString: Untagged
  m_Icon: {fileID: 0}
  m_NavMeshLayer: 0
  m_StaticEditorFlags: 0
  m_IsActive: 1
--- !u!4 &8933028907630619026
Transform:
  m_ObjectHideFlags: 0
  m_CorrespondingSourceObject: {fileID: 0}
  m_PrefabInstance: {fileID: 0}
  m_PrefabAsset: {fileID: 0}
  m_GameObject: {fileID: 909363966417852471}
  m_LocalRotation: {x: 0.04517464, y: 0.024358753, z: -0.0637989, w: 0.9966422}
  m_LocalPosition: {x: -0.1887535, y: 0.038011625, z: 5.96483e-10}
  m_LocalScale: {x: 1.0000001, y: 1.0000001, z: 1}
  m_ConstrainProportionsScale: 0
  m_Children:
  - {fileID: 3557283465809169917}
  m_Father: {fileID: 8264007236341241160}
  m_RootOrder: 0
  m_LocalEulerAnglesHint: {x: 0, y: 0, z: 0}
--- !u!1 &921777920813224967
GameObject:
  m_ObjectHideFlags: 0
  m_CorrespondingSourceObject: {fileID: 0}
  m_PrefabInstance: {fileID: 0}
  m_PrefabAsset: {fileID: 0}
  serializedVersion: 6
  m_Component:
  - component: {fileID: 4252449247621062690}
  m_Layer: 0
  m_Name: upperarm_r
  m_TagString: Untagged
  m_Icon: {fileID: 0}
  m_NavMeshLayer: 0
  m_StaticEditorFlags: 0
  m_IsActive: 1
--- !u!4 &4252449247621062690
Transform:
  m_ObjectHideFlags: 0
  m_CorrespondingSourceObject: {fileID: 0}
  m_PrefabInstance: {fileID: 0}
  m_PrefabAsset: {fileID: 0}
  m_GameObject: {fileID: 921777920813224967}
  m_LocalRotation: {x: -0.061508868, y: -0.3106576, z: 0.682404, w: 0.6588121}
  m_LocalPosition: {x: 0.2024308, y: 0.020210993, z: 0.022075806}
  m_LocalScale: {x: 1.0000001, y: 1, z: 1}
  m_ConstrainProportionsScale: 0
  m_Children:
  - {fileID: 4544378596971688837}
  m_Father: {fileID: 3752153141232465625}
  m_RootOrder: 0
  m_LocalEulerAnglesHint: {x: 0, y: 0, z: 0}
--- !u!1 &1005310901757808829
GameObject:
  m_ObjectHideFlags: 0
  m_CorrespondingSourceObject: {fileID: 0}
  m_PrefabInstance: {fileID: 0}
  m_PrefabAsset: {fileID: 0}
  serializedVersion: 6
  m_Component:
  - component: {fileID: 5591287410650645140}
  m_Layer: 0
  m_Name: middle_02_r
  m_TagString: Untagged
  m_Icon: {fileID: 0}
  m_NavMeshLayer: 0
  m_StaticEditorFlags: 0
  m_IsActive: 1
--- !u!4 &5591287410650645140
Transform:
  m_ObjectHideFlags: 0
  m_CorrespondingSourceObject: {fileID: 0}
  m_PrefabInstance: {fileID: 0}
  m_PrefabAsset: {fileID: 0}
  m_GameObject: {fileID: 1005310901757808829}
  m_LocalRotation: {x: -0.03937699, y: -0.14292271, z: -0.6538882, w: 0.74192506}
  m_LocalPosition: {x: 0.048997, y: 0.000071716306, z: -0.0030501555}
  m_LocalScale: {x: 1, y: 1.0000001, z: 1}
  m_ConstrainProportionsScale: 0
  m_Children:
  - {fileID: 4509770653363268767}
  m_Father: {fileID: 396445963717381407}
  m_RootOrder: 0
  m_LocalEulerAnglesHint: {x: 0, y: 0, z: 0}
--- !u!1 &1243080193078627906
GameObject:
  m_ObjectHideFlags: 0
  m_CorrespondingSourceObject: {fileID: 0}
  m_PrefabInstance: {fileID: 0}
  m_PrefabAsset: {fileID: 0}
  serializedVersion: 6
  m_Component:
  - component: {fileID: 5507971955074256462}
  m_Layer: 0
  m_Name: upperarm_l
  m_TagString: Untagged
  m_Icon: {fileID: 0}
  m_NavMeshLayer: 0
  m_StaticEditorFlags: 0
  m_IsActive: 1
--- !u!4 &5507971955074256462
Transform:
  m_ObjectHideFlags: 0
  m_CorrespondingSourceObject: {fileID: 0}
  m_PrefabInstance: {fileID: 0}
  m_PrefabAsset: {fileID: 0}
  m_GameObject: {fileID: 1243080193078627906}
  m_LocalRotation: {x: -0.15190731, y: -0.21225783, z: 0.13771799, w: 0.9554604}
  m_LocalPosition: {x: -0.20243073, y: -0.020211024, z: -0.022074737}
  m_LocalScale: {x: 1, y: 0.99999994, z: 1}
  m_ConstrainProportionsScale: 0
  m_Children:
  - {fileID: 8126435513583768137}
  m_Father: {fileID: 7000172716436535399}
  m_RootOrder: 0
  m_LocalEulerAnglesHint: {x: 0, y: 0, z: 0}
--- !u!1 &1580173859923258236
GameObject:
  m_ObjectHideFlags: 0
  m_CorrespondingSourceObject: {fileID: 0}
  m_PrefabInstance: {fileID: 0}
  m_PrefabAsset: {fileID: 0}
  serializedVersion: 6
  m_Component:
  - component: {fileID: 5232884554155639688}
  m_Layer: 0
  m_Name: lowerarm_twist_01_r
  m_TagString: Untagged
  m_Icon: {fileID: 0}
  m_NavMeshLayer: 0
  m_StaticEditorFlags: 0
  m_IsActive: 1
--- !u!4 &5232884554155639688
Transform:
  m_ObjectHideFlags: 0
  m_CorrespondingSourceObject: {fileID: 0}
  m_PrefabInstance: {fileID: 0}
  m_PrefabAsset: {fileID: 0}
  m_GameObject: {fileID: 1580173859923258236}
  m_LocalRotation: {x: -0.117627166, y: -0.00000001373592, z: -0.0000000027993037,
    w: 0.99305785}
  m_LocalPosition: {x: 0.12416664, y: 0.007849693, z: -0.009328613}
  m_LocalScale: {x: 1.0000001, y: 1.0000001, z: 1}
  m_ConstrainProportionsScale: 0
  m_Children: []
  m_Father: {fileID: 4544378596971688837}
  m_RootOrder: 1
  m_LocalEulerAnglesHint: {x: 0, y: 0, z: 0}
--- !u!1 &1778155412039405869
GameObject:
  m_ObjectHideFlags: 0
  m_CorrespondingSourceObject: {fileID: 0}
  m_PrefabInstance: {fileID: 0}
  m_PrefabAsset: {fileID: 0}
  serializedVersion: 6
  m_Component:
  - component: {fileID: 1803430303143475787}
  m_Layer: 0
  m_Name: index_01_l
  m_TagString: Untagged
  m_Icon: {fileID: 0}
  m_NavMeshLayer: 0
  m_StaticEditorFlags: 0
  m_IsActive: 1
--- !u!4 &1803430303143475787
Transform:
  m_ObjectHideFlags: 0
  m_CorrespondingSourceObject: {fileID: 0}
  m_PrefabInstance: {fileID: 0}
  m_PrefabAsset: {fileID: 0}
  m_GameObject: {fileID: 1778155412039405869}
  m_LocalRotation: {x: 0.044197507, y: -0.18361849, z: -0.78765535, w: 0.5864553}
  m_LocalPosition: {x: -0.13610686, y: 0.015537109, z: -0.016386567}
  m_LocalScale: {x: 1.0000001, y: 1, z: 0.99999994}
  m_ConstrainProportionsScale: 0
  m_Children:
  - {fileID: 3379365870992213248}
  m_Father: {fileID: 5038755789000110326}
  m_RootOrder: 0
  m_LocalEulerAnglesHint: {x: 0, y: 0, z: 0}
--- !u!1 &1968081707970060477
GameObject:
  m_ObjectHideFlags: 0
  m_CorrespondingSourceObject: {fileID: 0}
  m_PrefabInstance: {fileID: 0}
  m_PrefabAsset: {fileID: 0}
  serializedVersion: 6
  m_Component:
  - component: {fileID: 5038755789000110326}
  m_Layer: 0
  m_Name: hand_l
  m_TagString: Untagged
  m_Icon: {fileID: 0}
  m_NavMeshLayer: 0
  m_StaticEditorFlags: 0
  m_IsActive: 1
--- !u!4 &5038755789000110326
Transform:
  m_ObjectHideFlags: 0
  m_CorrespondingSourceObject: {fileID: 0}
  m_PrefabInstance: {fileID: 0}
  m_PrefabAsset: {fileID: 0}
  m_GameObject: {fileID: 1968081707970060477}
  m_LocalRotation: {x: -0.7045047, y: 0.0072119874, z: 0.059153892, w: 0.70719296}
  m_LocalPosition: {x: -0.23073974, y: -0.01530365, z: 0.016579894}
  m_LocalScale: {x: 0.99999994, y: 1, z: 0.99999994}
  m_ConstrainProportionsScale: 0
  m_Children:
  - {fileID: 1803430303143475787}
  - {fileID: 2789982546435935287}
  - {fileID: 4429556333789323128}
  - {fileID: 7963665663320312583}
  - {fileID: 2819260554919801512}
  m_Father: {fileID: 8126435513583768137}
  m_RootOrder: 0
  m_LocalEulerAnglesHint: {x: 0, y: 0, z: 0}
--- !u!1 &2040880244571418901
GameObject:
  m_ObjectHideFlags: 0
  m_CorrespondingSourceObject: {fileID: 0}
  m_PrefabInstance: {fileID: 0}
  m_PrefabAsset: {fileID: 0}
  serializedVersion: 6
  m_Component:
  - component: {fileID: 2522256498259712850}
  m_Layer: 0
  m_Name: index_03_l
  m_TagString: Untagged
  m_Icon: {fileID: 0}
  m_NavMeshLayer: 0
  m_StaticEditorFlags: 0
  m_IsActive: 1
--- !u!4 &2522256498259712850
Transform:
  m_ObjectHideFlags: 0
  m_CorrespondingSourceObject: {fileID: 0}
  m_PrefabInstance: {fileID: 0}
  m_PrefabAsset: {fileID: 0}
  m_GameObject: {fileID: 2040880244571418901}
  m_LocalRotation: {x: 0.016439673, y: -0.05064014, z: 0.038825575, w: 0.99782664}
  m_LocalPosition: {x: -0.032931745, y: -0.0032814024, z: -0.0029534148}
  m_LocalScale: {x: 1.0000001, y: 1, z: 1}
  m_ConstrainProportionsScale: 0
  m_Children: []
  m_Father: {fileID: 3379365870992213248}
  m_RootOrder: 0
  m_LocalEulerAnglesHint: {x: 0, y: 0, z: 0}
--- !u!1 &2065070498483302410
GameObject:
  m_ObjectHideFlags: 0
  m_CorrespondingSourceObject: {fileID: 0}
  m_PrefabInstance: {fileID: 0}
  m_PrefabAsset: {fileID: 0}
  serializedVersion: 6
  m_Component:
  - component: {fileID: 3770750760824004580}
  m_Layer: 0
  m_Name: hand_r
  m_TagString: Untagged
  m_Icon: {fileID: 0}
  m_NavMeshLayer: 0
  m_StaticEditorFlags: 0
  m_IsActive: 1
--- !u!4 &3770750760824004580
Transform:
  m_ObjectHideFlags: 0
  m_CorrespondingSourceObject: {fileID: 0}
  m_PrefabInstance: {fileID: 0}
  m_PrefabAsset: {fileID: 0}
  m_GameObject: {fileID: 2065070498483302410}
  m_LocalRotation: {x: -0.6504895, y: 0.060829807, z: 0.22924691, w: 0.7215324}
  m_LocalPosition: {x: 0.23073989, y: 0.015303574, z: -0.016580047}
  m_LocalScale: {x: 1.0000001, y: 0.99999994, z: 1.0000001}
  m_ConstrainProportionsScale: 0
  m_Children:
  - {fileID: 4609448294745169861}
  - {fileID: 396445963717381407}
  - {fileID: 3340086921828000025}
  - {fileID: 5650009663643876857}
  - {fileID: 5591432407387290666}
  m_Father: {fileID: 4544378596971688837}
  m_RootOrder: 0
  m_LocalEulerAnglesHint: {x: 0, y: 0, z: 0}
--- !u!1 &2191956604446054160
GameObject:
  m_ObjectHideFlags: 0
  m_CorrespondingSourceObject: {fileID: 0}
  m_PrefabInstance: {fileID: 0}
  m_PrefabAsset: {fileID: 0}
  serializedVersion: 6
  m_Component:
  - component: {fileID: 2819260554919801512}
  m_Layer: 0
  m_Name: thumb_01_l
  m_TagString: Untagged
  m_Icon: {fileID: 0}
  m_NavMeshLayer: 0
  m_StaticEditorFlags: 0
  m_IsActive: 1
--- !u!4 &2819260554919801512
Transform:
  m_ObjectHideFlags: 0
  m_CorrespondingSourceObject: {fileID: 0}
  m_PrefabInstance: {fileID: 0}
  m_PrefabAsset: {fileID: 0}
  m_GameObject: {fileID: 2191956604446054160}
  m_LocalRotation: {x: 0.6750526, y: -0.31264278, z: -0.1841188, w: 0.6423853}
  m_LocalPosition: {x: -0.04536583, y: 0.016544037, z: -0.05274681}
  m_LocalScale: {x: 1, y: 1.0000001, z: 0.99999994}
  m_ConstrainProportionsScale: 0
  m_Children:
  - {fileID: 3186956322462330872}
  m_Father: {fileID: 5038755789000110326}
  m_RootOrder: 4
  m_LocalEulerAnglesHint: {x: 0, y: 0, z: 0}
--- !u!1 &2277672551901469449
GameObject:
  m_ObjectHideFlags: 0
  m_CorrespondingSourceObject: {fileID: 0}
  m_PrefabInstance: {fileID: 0}
  m_PrefabAsset: {fileID: 0}
  serializedVersion: 6
  m_Component:
  - component: {fileID: 732190218730539545}
  m_Layer: 0
  m_Name: lowerarm_twist_01_l
  m_TagString: Untagged
  m_Icon: {fileID: 0}
  m_NavMeshLayer: 0
  m_StaticEditorFlags: 0
  m_IsActive: 1
--- !u!4 &732190218730539545
Transform:
  m_ObjectHideFlags: 0
  m_CorrespondingSourceObject: {fileID: 0}
  m_PrefabInstance: {fileID: 0}
  m_PrefabAsset: {fileID: 0}
  m_GameObject: {fileID: 2277672551901469449}
  m_LocalRotation: {x: -0.000000022351745, y: -0.000000014901161, z: 9.3132224e-10,
    w: 1}
  m_LocalPosition: {x: -0.12416649, y: -0.00784977, z: 0.009328766}
  m_LocalScale: {x: 0.99999994, y: 0.9999999, z: 1}
  m_ConstrainProportionsScale: 0
  m_Children: []
  m_Father: {fileID: 8126435513583768137}
  m_RootOrder: 1
  m_LocalEulerAnglesHint: {x: 0, y: 0, z: 0}
--- !u!1 &2448288006733053816
GameObject:
  m_ObjectHideFlags: 0
  m_CorrespondingSourceObject: {fileID: 0}
  m_PrefabInstance: {fileID: 0}
  m_PrefabAsset: {fileID: 0}
  serializedVersion: 6
  m_Component:
  - component: {fileID: 7640919888620056190}
  m_Layer: 0
  m_Name: ball_l
  m_TagString: Untagged
  m_Icon: {fileID: 0}
  m_NavMeshLayer: 0
  m_StaticEditorFlags: 0
  m_IsActive: 1
--- !u!4 &7640919888620056190
Transform:
  m_ObjectHideFlags: 0
  m_CorrespondingSourceObject: {fileID: 0}
  m_PrefabInstance: {fileID: 0}
  m_PrefabAsset: {fileID: 0}
  m_GameObject: {fileID: 2448288006733053816}
  m_LocalRotation: {x: 0.00008007931, y: -0.000029596098, z: 0.7186339, w: 0.6953886}
  m_LocalPosition: {x: 0.10454252, y: -0.20117222, z: -0.01951744}
  m_LocalScale: {x: 1, y: 1.0000001, z: 1}
  m_ConstrainProportionsScale: 0
  m_Children: []
  m_Father: {fileID: 6164369172281168564}
  m_RootOrder: 0
  m_LocalEulerAnglesHint: {x: 0, y: 0, z: 0}
--- !u!1 &2467713029809678893
GameObject:
  m_ObjectHideFlags: 0
  m_CorrespondingSourceObject: {fileID: 0}
  m_PrefabInstance: {fileID: 0}
  m_PrefabAsset: {fileID: 0}
  serializedVersion: 6
  m_Component:
  - component: {fileID: 8143055948910422466}
  m_Layer: 0
  m_Name: ring_03_l
  m_TagString: Untagged
  m_Icon: {fileID: 0}
  m_NavMeshLayer: 0
  m_StaticEditorFlags: 0
  m_IsActive: 1
--- !u!4 &8143055948910422466
Transform:
  m_ObjectHideFlags: 0
  m_CorrespondingSourceObject: {fileID: 0}
  m_PrefabInstance: {fileID: 0}
  m_PrefabAsset: {fileID: 0}
  m_GameObject: {fileID: 2467713029809678893}
  m_LocalRotation: {x: -0.0085214265, y: 0.025063159, z: 0.016653711, w: 0.9995108}
  m_LocalPosition: {x: -0.035014115, y: 0.00009170532, z: 0.000013189316}
  m_LocalScale: {x: 0.9999999, y: 0.9999999, z: 0.99999976}
  m_ConstrainProportionsScale: 0
  m_Children: []
  m_Father: {fileID: 5577257284990523293}
  m_RootOrder: 0
  m_LocalEulerAnglesHint: {x: 0, y: 0, z: 0}
--- !u!1 &2702868825413653882
GameObject:
  m_ObjectHideFlags: 0
  m_CorrespondingSourceObject: {fileID: 0}
  m_PrefabInstance: {fileID: 0}
  m_PrefabAsset: {fileID: 0}
  serializedVersion: 6
  m_Component:
  - component: {fileID: 2789982546435935287}
  m_Layer: 0
  m_Name: middle_01_l
  m_TagString: Untagged
  m_Icon: {fileID: 0}
  m_NavMeshLayer: 0
  m_StaticEditorFlags: 0
  m_IsActive: 1
--- !u!4 &2789982546435935287
Transform:
  m_ObjectHideFlags: 0
  m_CorrespondingSourceObject: {fileID: 0}
  m_PrefabInstance: {fileID: 0}
  m_PrefabAsset: {fileID: 0}
  m_GameObject: {fileID: 2702868825413653882}
  m_LocalRotation: {x: -0.053119667, y: -0.12561242, z: -0.7629067, w: 0.63195986}
  m_LocalPosition: {x: -0.12927459, y: 0.017027436, z: 0.018169135}
  m_LocalScale: {x: 1.0000001, y: 0.99999994, z: 1}
  m_ConstrainProportionsScale: 0
  m_Children:
  - {fileID: 5783472113813643690}
  m_Father: {fileID: 5038755789000110326}
  m_RootOrder: 1
  m_LocalEulerAnglesHint: {x: 0, y: 0, z: 0}
--- !u!1 &3194065284677022160
GameObject:
  m_ObjectHideFlags: 0
  m_CorrespondingSourceObject: {fileID: 0}
  m_PrefabInstance: {fileID: 0}
  m_PrefabAsset: {fileID: 0}
  serializedVersion: 6
  m_Component:
  - component: {fileID: 3296105116234051150}
  m_Layer: 0
  m_Name: ring_02_r
  m_TagString: Untagged
  m_Icon: {fileID: 0}
  m_NavMeshLayer: 0
  m_StaticEditorFlags: 0
  m_IsActive: 1
--- !u!4 &3296105116234051150
Transform:
  m_ObjectHideFlags: 0
  m_CorrespondingSourceObject: {fileID: 0}
  m_PrefabInstance: {fileID: 0}
  m_PrefabAsset: {fileID: 0}
  m_GameObject: {fileID: 3194065284677022160}
  m_LocalRotation: {x: -0.03484805, y: 0.043622162, z: -0.6816623, w: 0.72953355}
  m_LocalPosition: {x: 0.039576795, y: -0.0029322815, z: -0.005106182}
  m_LocalScale: {x: 1.0000001, y: 1, z: 1.0000001}
  m_ConstrainProportionsScale: 0
  m_Children:
  - {fileID: 3665965967497307876}
  m_Father: {fileID: 5650009663643876857}
  m_RootOrder: 0
  m_LocalEulerAnglesHint: {x: 0, y: 0, z: 0}
--- !u!1 &3238859531965928734
GameObject:
  m_ObjectHideFlags: 0
  m_CorrespondingSourceObject: {fileID: 0}
  m_PrefabInstance: {fileID: 0}
  m_PrefabAsset: {fileID: 0}
  serializedVersion: 6
  m_Component:
  - component: {fileID: 7617338833887154852}
  m_Layer: 0
  m_Name: pinky_03_l
  m_TagString: Untagged
  m_Icon: {fileID: 0}
  m_NavMeshLayer: 0
  m_StaticEditorFlags: 0
  m_IsActive: 1
--- !u!4 &7617338833887154852
Transform:
  m_ObjectHideFlags: 0
  m_CorrespondingSourceObject: {fileID: 0}
  m_PrefabInstance: {fileID: 0}
  m_PrefabAsset: {fileID: 0}
  m_GameObject: {fileID: 3238859531965928734}
  m_LocalRotation: {x: 0.0038063878, y: 0.0098961, z: -0.026553981, w: 0.9995912}
  m_LocalPosition: {x: -0.02497982, y: 0.0020285035, z: 0.0009440994}
  m_LocalScale: {x: 0.99999994, y: 1, z: 0.99999994}
  m_ConstrainProportionsScale: 0
  m_Children: []
  m_Father: {fileID: 7587382025913307267}
  m_RootOrder: 0
  m_LocalEulerAnglesHint: {x: 0, y: 0, z: 0}
--- !u!1 &3242567412622052210
GameObject:
  m_ObjectHideFlags: 0
  m_CorrespondingSourceObject: {fileID: 0}
  m_PrefabInstance: {fileID: 0}
  m_PrefabAsset: {fileID: 0}
  serializedVersion: 6
  m_Component:
  - component: {fileID: 559833479083008543}
  m_Layer: 0
  m_Name: pinky_03_r
  m_TagString: Untagged
  m_Icon: {fileID: 0}
  m_NavMeshLayer: 0
  m_StaticEditorFlags: 0
  m_IsActive: 1
--- !u!4 &559833479083008543
Transform:
  m_ObjectHideFlags: 0
  m_CorrespondingSourceObject: {fileID: 0}
  m_PrefabInstance: {fileID: 0}
  m_PrefabAsset: {fileID: 0}
  m_GameObject: {fileID: 3242567412622052210}
  m_LocalRotation: {x: 0.004135486, y: 0.027277332, z: -0.009169614, w: 0.9995773}
  m_LocalPosition: {x: 0.024938889, y: -0.0024136351, z: -0.0011049461}
  m_LocalScale: {x: 0.9999999, y: 0.99999994, z: 0.9999999}
  m_ConstrainProportionsScale: 0
  m_Children: []
  m_Father: {fileID: 7837448373729237851}
  m_RootOrder: 0
  m_LocalEulerAnglesHint: {x: 0, y: 0, z: 0}
--- !u!1 &3244709564855119885
GameObject:
  m_ObjectHideFlags: 0
  m_CorrespondingSourceObject: {fileID: 0}
  m_PrefabInstance: {fileID: 0}
  m_PrefabAsset: {fileID: 0}
  serializedVersion: 6
  m_Component:
  - component: {fileID: 3665965967497307876}
  m_Layer: 0
  m_Name: ring_03_r
  m_TagString: Untagged
  m_Icon: {fileID: 0}
  m_NavMeshLayer: 0
  m_StaticEditorFlags: 0
  m_IsActive: 1
--- !u!4 &3665965967497307876
Transform:
  m_ObjectHideFlags: 0
  m_CorrespondingSourceObject: {fileID: 0}
  m_PrefabInstance: {fileID: 0}
  m_PrefabAsset: {fileID: 0}
  m_GameObject: {fileID: 3244709564855119885}
  m_LocalRotation: {x: -0.008957535, y: 0.02491051, z: -0.0007925064, w: 0.9996492}
  m_LocalPosition: {x: 0.035007287, y: -0.0006729126, z: -0.00017438889}
  m_LocalScale: {x: 1, y: 0.99999994, z: 1}
  m_ConstrainProportionsScale: 0
  m_Children: []
  m_Father: {fileID: 3296105116234051150}
  m_RootOrder: 0
  m_LocalEulerAnglesHint: {x: 0, y: 0, z: 0}
--- !u!1 &3249054430826928904
GameObject:
  m_ObjectHideFlags: 0
  m_CorrespondingSourceObject: {fileID: 0}
  m_PrefabInstance: {fileID: 0}
  m_PrefabAsset: {fileID: 0}
  serializedVersion: 6
  m_Component:
  - component: {fileID: 3235449738011291026}
  m_Layer: 0
  m_Name: foot_r
  m_TagString: Untagged
  m_Icon: {fileID: 0}
  m_NavMeshLayer: 0
  m_StaticEditorFlags: 0
  m_IsActive: 1
--- !u!4 &3235449738011291026
Transform:
  m_ObjectHideFlags: 0
  m_CorrespondingSourceObject: {fileID: 0}
  m_PrefabInstance: {fileID: 0}
  m_PrefabAsset: {fileID: 0}
  m_GameObject: {fileID: 3249054430826928904}
  m_LocalRotation: {x: -0.021869225, y: -0.05815425, z: -0.0024428172, w: 0.99806505}
  m_LocalPosition: {x: -0.40196812, y: 0.000000028610229, z: -0.000000095367426}
  m_LocalScale: {x: 1, y: 0.9999999, z: 0.99999994}
  m_ConstrainProportionsScale: 0
  m_Children:
  - {fileID: 1850742111923976323}
  m_Father: {fileID: 6421133578186552255}
  m_RootOrder: 0
  m_LocalEulerAnglesHint: {x: 0, y: 0, z: 0}
--- !u!1 &3584498251494738471
GameObject:
  m_ObjectHideFlags: 0
  m_CorrespondingSourceObject: {fileID: 0}
  m_PrefabInstance: {fileID: 0}
  m_PrefabAsset: {fileID: 0}
  serializedVersion: 6
  m_Component:
  - component: {fileID: 3186956322462330872}
  m_Layer: 0
  m_Name: thumb_02_l
  m_TagString: Untagged
  m_Icon: {fileID: 0}
  m_NavMeshLayer: 0
  m_StaticEditorFlags: 0
  m_IsActive: 1
--- !u!4 &3186956322462330872
Transform:
  m_ObjectHideFlags: 0
  m_CorrespondingSourceObject: {fileID: 0}
  m_PrefabInstance: {fileID: 0}
  m_PrefabAsset: {fileID: 0}
  m_GameObject: {fileID: 3584498251494738471}
  m_LocalRotation: {x: 0.19638506, y: -0.08587729, z: -0.42355758, w: 0.88014597}
  m_LocalPosition: {x: -0.036818314, y: -0.0029007338, z: -0.0036053467}
  m_LocalScale: {x: 1.0000001, y: 0.99999994, z: 1}
  m_ConstrainProportionsScale: 0
  m_Children:
  - {fileID: 2546602608065464109}
  m_Father: {fileID: 2819260554919801512}
  m_RootOrder: 0
  m_LocalEulerAnglesHint: {x: 0, y: 0, z: 0}
--- !u!1 &3994733535261980652
GameObject:
  m_ObjectHideFlags: 0
  m_CorrespondingSourceObject: {fileID: 0}
  m_PrefabInstance: {fileID: 0}
  m_PrefabAsset: {fileID: 0}
  serializedVersion: 6
  m_Component:
  - component: {fileID: 6284658468936240997}
  m_Layer: 0
  m_Name: neck_01
  m_TagString: Untagged
  m_Icon: {fileID: 0}
  m_NavMeshLayer: 0
  m_StaticEditorFlags: 0
  m_IsActive: 1
--- !u!4 &6284658468936240997
Transform:
  m_ObjectHideFlags: 0
  m_CorrespondingSourceObject: {fileID: 0}
  m_PrefabInstance: {fileID: 0}
  m_PrefabAsset: {fileID: 0}
  m_GameObject: {fileID: 3994733535261980652}
  m_LocalRotation: {x: 0.057582274, y: -0.07040877, z: 0.28461838, w: 0.95431614}
  m_LocalPosition: {x: -0.16558762, y: -0.0035532187, z: -5.966012e-10}
  m_LocalScale: {x: 1, y: 1, z: 1}
  m_ConstrainProportionsScale: 0
  m_Children:
  - {fileID: 8415763514643570289}
  m_Father: {fileID: 3557283465809169917}
  m_RootOrder: 2
  m_LocalEulerAnglesHint: {x: 0, y: 0, z: 0}
--- !u!1 &4057395584761138280
GameObject:
  m_ObjectHideFlags: 0
  m_CorrespondingSourceObject: {fileID: 0}
  m_PrefabInstance: {fileID: 0}
  m_PrefabAsset: {fileID: 0}
  serializedVersion: 6
  m_Component:
  - component: {fileID: 7587382025913307267}
  m_Layer: 0
  m_Name: pinky_02_l
  m_TagString: Untagged
  m_Icon: {fileID: 0}
  m_NavMeshLayer: 0
  m_StaticEditorFlags: 0
  m_IsActive: 1
--- !u!4 &7587382025913307267
Transform:
  m_ObjectHideFlags: 0
  m_CorrespondingSourceObject: {fileID: 0}
  m_PrefabInstance: {fileID: 0}
  m_PrefabAsset: {fileID: 0}
  m_GameObject: {fileID: 4057395584761138280}
  m_LocalRotation: {x: 0.014029615, y: 0.054678068, z: -0.7736569, w: 0.6310852}
  m_LocalPosition: {x: -0.034684487, y: 0.0075715636, z: 0.0012883376}
  m_LocalScale: {x: 1.0000001, y: 0.99999994, z: 0.99999994}
  m_ConstrainProportionsScale: 0
  m_Children:
  - {fileID: 7617338833887154852}
  m_Father: {fileID: 4429556333789323128}
  m_RootOrder: 0
  m_LocalEulerAnglesHint: {x: 0, y: 0, z: 0}
--- !u!1 &4456670073327045370
GameObject:
  m_ObjectHideFlags: 0
  m_CorrespondingSourceObject: {fileID: 0}
  m_PrefabInstance: {fileID: 0}
  m_PrefabAsset: {fileID: 0}
  serializedVersion: 6
  m_Component:
  - component: {fileID: 3340086921828000025}
  m_Layer: 0
  m_Name: pinky_01_r
  m_TagString: Untagged
  m_Icon: {fileID: 0}
  m_NavMeshLayer: 0
  m_StaticEditorFlags: 0
  m_IsActive: 1
--- !u!4 &3340086921828000025
Transform:
  m_ObjectHideFlags: 0
  m_CorrespondingSourceObject: {fileID: 0}
  m_PrefabInstance: {fileID: 0}
  m_PrefabAsset: {fileID: 0}
  m_GameObject: {fileID: 4456670073327045370}
  m_LocalRotation: {x: -0.16064805, y: 0.04465033, z: -0.70980424, w: 0.6843805}
  m_LocalPosition: {x: 0.088357694, y: -0.03916336, z: -0.06717233}
  m_LocalScale: {x: 1, y: 1.0000001, z: 0.99999994}
  m_ConstrainProportionsScale: 0
  m_Children:
  - {fileID: 7837448373729237851}
  m_Father: {fileID: 3770750760824004580}
  m_RootOrder: 2
  m_LocalEulerAnglesHint: {x: 0, y: 0, z: 0}
--- !u!1 &4568887904864847608
GameObject:
  m_ObjectHideFlags: 0
  m_CorrespondingSourceObject: {fileID: 0}
  m_PrefabInstance: {fileID: 0}
  m_PrefabAsset: {fileID: 0}
  serializedVersion: 6
  m_Component:
  - component: {fileID: 4609448294745169861}
  m_Layer: 0
  m_Name: index_01_r
  m_TagString: Untagged
  m_Icon: {fileID: 0}
  m_NavMeshLayer: 0
  m_StaticEditorFlags: 0
  m_IsActive: 1
--- !u!4 &4609448294745169861
Transform:
  m_ObjectHideFlags: 0
  m_CorrespondingSourceObject: {fileID: 0}
  m_PrefabInstance: {fileID: 0}
  m_PrefabAsset: {fileID: 0}
  m_GameObject: {fileID: 4568887904864847608}
  m_LocalRotation: {x: 0.03829227, y: -0.18870841, z: -0.8024565, w: 0.5647888}
  m_LocalPosition: {x: 0.13581489, y: -0.01791008, z: 0.016386623}
  m_LocalScale: {x: 0.9999999, y: 0.99999994, z: 0.9999998}
  m_ConstrainProportionsScale: 0
  m_Children:
  - {fileID: 4783051604085687990}
  m_Father: {fileID: 3770750760824004580}
  m_RootOrder: 0
  m_LocalEulerAnglesHint: {x: 0, y: 0, z: 0}
--- !u!1 &4585244855952466130
GameObject:
  m_ObjectHideFlags: 0
  m_CorrespondingSourceObject: {fileID: 0}
  m_PrefabInstance: {fileID: 0}
  m_PrefabAsset: {fileID: 0}
  serializedVersion: 6
  m_Component:
  - component: {fileID: 7022492572029568625}
  m_Layer: 0
  m_Name: thumb_02_r
  m_TagString: Untagged
  m_Icon: {fileID: 0}
  m_NavMeshLayer: 0
  m_StaticEditorFlags: 0
  m_IsActive: 1
--- !u!4 &7022492572029568625
Transform:
  m_ObjectHideFlags: 0
  m_CorrespondingSourceObject: {fileID: 0}
  m_PrefabInstance: {fileID: 0}
  m_PrefabAsset: {fileID: 0}
  m_GameObject: {fileID: 4585244855952466130}
  m_LocalRotation: {x: 0.120501414, y: -0.3276367, z: -0.3505999, w: 0.8690301}
  m_LocalPosition: {x: 0.036761284, y: 0.002986412, z: 0.0040859985}
  m_LocalScale: {x: 1, y: 1, z: 1.0000001}
  m_ConstrainProportionsScale: 0
  m_Children:
  - {fileID: 1737602213076932940}
  m_Father: {fileID: 5591432407387290666}
  m_RootOrder: 0
  m_LocalEulerAnglesHint: {x: 0, y: 0, z: 0}
--- !u!1 &4897363422694708512
GameObject:
  m_ObjectHideFlags: 0
  m_CorrespondingSourceObject: {fileID: 0}
  m_PrefabInstance: {fileID: 0}
  m_PrefabAsset: {fileID: 0}
  serializedVersion: 6
  m_Component:
  - component: {fileID: 2546602608065464109}
  m_Layer: 0
  m_Name: thumb_03_l
  m_TagString: Untagged
  m_Icon: {fileID: 0}
  m_NavMeshLayer: 0
  m_StaticEditorFlags: 0
  m_IsActive: 1
--- !u!4 &2546602608065464109
Transform:
  m_ObjectHideFlags: 0
  m_CorrespondingSourceObject: {fileID: 0}
  m_PrefabInstance: {fileID: 0}
  m_PrefabAsset: {fileID: 0}
  m_GameObject: {fileID: 4897363422694708512}
  m_LocalRotation: {x: 0.04710062, y: -0.13691945, z: 0.026385661, w: 0.98910993}
  m_LocalPosition: {x: -0.043031655, y: -0.002840538, z: -0.011054534}
  m_LocalScale: {x: 1, y: 1.0000001, z: 1.0000001}
  m_ConstrainProportionsScale: 0
  m_Children: []
  m_Father: {fileID: 3186956322462330872}
  m_RootOrder: 0
  m_LocalEulerAnglesHint: {x: 0, y: 0, z: 0}
--- !u!1 &5026641149837926575
GameObject:
  m_ObjectHideFlags: 0
  m_CorrespondingSourceObject: {fileID: 0}
  m_PrefabInstance: {fileID: 0}
  m_PrefabAsset: {fileID: 0}
  serializedVersion: 6
  m_Component:
  - component: {fileID: 3379365870992213248}
  m_Layer: 0
  m_Name: index_02_l
  m_TagString: Untagged
  m_Icon: {fileID: 0}
  m_NavMeshLayer: 0
  m_StaticEditorFlags: 0
  m_IsActive: 1
--- !u!4 &3379365870992213248
Transform:
  m_ObjectHideFlags: 0
  m_CorrespondingSourceObject: {fileID: 0}
  m_PrefabInstance: {fileID: 0}
  m_PrefabAsset: {fileID: 0}
  m_GameObject: {fileID: 5026641149837926575}
  m_LocalRotation: {x: 0.06522059, y: -0.28634295, z: -0.63786525, w: 0.7119564}
  m_LocalPosition: {x: -0.05133354, y: -0.0073786923, z: 0.00064422603}
  m_LocalScale: {x: 1.0000001, y: 1, z: 1.0000001}
  m_ConstrainProportionsScale: 0
  m_Children:
  - {fileID: 2522256498259712850}
  m_Father: {fileID: 1803430303143475787}
  m_RootOrder: 0
  m_LocalEulerAnglesHint: {x: 0, y: 0, z: 0}
--- !u!1 &5044752746250573247
GameObject:
  m_ObjectHideFlags: 0
  m_CorrespondingSourceObject: {fileID: 0}
  m_PrefabInstance: {fileID: 0}
  m_PrefabAsset: {fileID: 0}
  serializedVersion: 6
  m_Component:
  - component: {fileID: 8441770423155676002}
  m_Layer: 0
  m_Name: pelvis
  m_TagString: Untagged
  m_Icon: {fileID: 0}
  m_NavMeshLayer: 0
  m_StaticEditorFlags: 0
  m_IsActive: 1
--- !u!4 &8441770423155676002
Transform:
  m_ObjectHideFlags: 0
  m_CorrespondingSourceObject: {fileID: 0}
  m_PrefabInstance: {fileID: 0}
  m_PrefabAsset: {fileID: 0}
  m_GameObject: {fileID: 5044752746250573247}
  m_LocalRotation: {x: 0.001285336, y: 0.7071056, z: 0.001285336, w: 0.70710564}
  m_LocalPosition: {x: -1.3536842e-30, y: 0.010561532, z: 0.967506}
  m_LocalScale: {x: 1, y: 1, z: 1}
  m_ConstrainProportionsScale: 0
  m_Children:
  - {fileID: 8264007236341241160}
  - {fileID: 4846816650254372777}
  - {fileID: 5765320258965028428}
  m_Father: {fileID: 6242601821313426351}
  m_RootOrder: 0
  m_LocalEulerAnglesHint: {x: 0, y: 0, z: 0}
--- !u!1 &5047877321307300630
GameObject:
  m_ObjectHideFlags: 0
  m_CorrespondingSourceObject: {fileID: 0}
  m_PrefabInstance: {fileID: 0}
  m_PrefabAsset: {fileID: 0}
  serializedVersion: 6
  m_Component:
  - component: {fileID: 1737602213076932940}
  m_Layer: 0
  m_Name: thumb_03_r
  m_TagString: Untagged
  m_Icon: {fileID: 0}
  m_NavMeshLayer: 0
  m_StaticEditorFlags: 0
  m_IsActive: 1
--- !u!4 &1737602213076932940
Transform:
  m_ObjectHideFlags: 0
  m_CorrespondingSourceObject: {fileID: 0}
  m_PrefabInstance: {fileID: 0}
  m_PrefabAsset: {fileID: 0}
  m_GameObject: {fileID: 5047877321307300630}
  m_LocalRotation: {x: 0.02627542, y: -0.104958855, z: 0.04455598, w: 0.9931304}
  m_LocalPosition: {x: 0.04284027, y: 0.0030301283, z: 0.011726989}
  m_LocalScale: {x: 1, y: 1.0000001, z: 1}
  m_ConstrainProportionsScale: 0
  m_Children: []
  m_Father: {fileID: 7022492572029568625}
  m_RootOrder: 0
  m_LocalEulerAnglesHint: {x: 0, y: 0, z: 0}
--- !u!1 &5200239619951374938
GameObject:
  m_ObjectHideFlags: 0
  m_CorrespondingSourceObject: {fileID: 0}
  m_PrefabInstance: {fileID: 0}
  m_PrefabAsset: {fileID: 0}
  serializedVersion: 6
  m_Component:
  - component: {fileID: 3557283465809169917}
  m_Layer: 0
  m_Name: spine_03
  m_TagString: Untagged
  m_Icon: {fileID: 0}
  m_NavMeshLayer: 0
  m_StaticEditorFlags: 0
  m_IsActive: 1
--- !u!4 &3557283465809169917
Transform:
  m_ObjectHideFlags: 0
  m_CorrespondingSourceObject: {fileID: 0}
  m_PrefabInstance: {fileID: 0}
  m_PrefabAsset: {fileID: 0}
  m_GameObject: {fileID: 5200239619951374938}
  m_LocalRotation: {x: 0.04047545, y: 0.030630706, z: 0.034982465, w: 0.9980981}
  m_LocalPosition: {x: -0.13407294, y: 0.004204769, z: -1.8189894e-14}
  m_LocalScale: {x: 1.0000001, y: 1.0000001, z: 1}
  m_ConstrainProportionsScale: 0
  m_Children:
  - {fileID: 7000172716436535399}
  - {fileID: 3752153141232465625}
  - {fileID: 6284658468936240997}
  m_Father: {fileID: 8933028907630619026}
  m_RootOrder: 0
  m_LocalEulerAnglesHint: {x: 0, y: 0, z: 0}
--- !u!1 &5224473677960719445
GameObject:
  m_ObjectHideFlags: 0
  m_CorrespondingSourceObject: {fileID: 0}
  m_PrefabInstance: {fileID: 0}
  m_PrefabAsset: {fileID: 0}
  serializedVersion: 6
  m_Component:
  - component: {fileID: 5591432407387290666}
  m_Layer: 0
  m_Name: thumb_01_r
  m_TagString: Untagged
  m_Icon: {fileID: 0}
  m_NavMeshLayer: 0
  m_StaticEditorFlags: 0
  m_IsActive: 1
--- !u!4 &5591432407387290666
Transform:
  m_ObjectHideFlags: 0
  m_CorrespondingSourceObject: {fileID: 0}
  m_PrefabInstance: {fileID: 0}
  m_PrefabAsset: {fileID: 0}
  m_GameObject: {fileID: 5224473677960719445}
  m_LocalRotation: {x: 0.789614, y: -0.3167495, z: -0.054474503, w: 0.52269685}
  m_LocalPosition: {x: 0.04507019, y: -0.017333144, z: 0.05274683}
  m_LocalScale: {x: 0.9999999, y: 0.9999999, z: 0.9999999}
  m_ConstrainProportionsScale: 0
  m_Children:
  - {fileID: 7022492572029568625}
  m_Father: {fileID: 3770750760824004580}
  m_RootOrder: 4
  m_LocalEulerAnglesHint: {x: 0, y: 0, z: 0}
--- !u!1 &5260281865839628111
GameObject:
  m_ObjectHideFlags: 0
  m_CorrespondingSourceObject: {fileID: 0}
  m_PrefabInstance: {fileID: 0}
  m_PrefabAsset: {fileID: 0}
  serializedVersion: 6
  m_Component:
  - component: {fileID: 5982104276871864838}
  - component: {fileID: 4856261648053018581}
  m_Layer: 9
  m_Name: Plane001
  m_TagString: Untagged
  m_Icon: {fileID: 0}
  m_NavMeshLayer: 0
  m_StaticEditorFlags: 0
  m_IsActive: 1
--- !u!4 &5982104276871864838
Transform:
  m_ObjectHideFlags: 0
  m_CorrespondingSourceObject: {fileID: 0}
  m_PrefabInstance: {fileID: 0}
  m_PrefabAsset: {fileID: 0}
  m_GameObject: {fileID: 5260281865839628111}
  m_LocalRotation: {x: -0.7071068, y: 0, z: -0, w: 0.7071068}
  m_LocalPosition: {x: -0, y: 0.015652638, z: -0.007890662}
  m_LocalScale: {x: 1, y: 1, z: 1}
  m_ConstrainProportionsScale: 0
  m_Children: []
  m_Father: {fileID: 7834617430719948859}
  m_RootOrder: 0
  m_LocalEulerAnglesHint: {x: 0, y: 0, z: 0}
--- !u!137 &4856261648053018581
SkinnedMeshRenderer:
  m_ObjectHideFlags: 0
  m_CorrespondingSourceObject: {fileID: 0}
  m_PrefabInstance: {fileID: 0}
  m_PrefabAsset: {fileID: 0}
  m_GameObject: {fileID: 5260281865839628111}
  m_Enabled: 1
  m_CastShadows: 1
  m_ReceiveShadows: 1
  m_DynamicOccludee: 1
  m_StaticShadowCaster: 0
  m_MotionVectors: 1
  m_LightProbeUsage: 1
  m_ReflectionProbeUsage: 1
  m_RayTracingMode: 3
  m_RayTraceProcedural: 0
  m_RenderingLayerMask: 1
  m_RendererPriority: 0
  m_Materials:
  - {fileID: 2100000, guid: 84863a8cb65064af89ce8b047c4b394e, type: 2}
  m_StaticBatchInfo:
    firstSubMesh: 0
    subMeshCount: 0
  m_StaticBatchRoot: {fileID: 0}
  m_ProbeAnchor: {fileID: 0}
  m_LightProbeVolumeOverride: {fileID: 0}
  m_ScaleInLightmap: 1
  m_ReceiveGI: 1
  m_PreserveUVs: 0
  m_IgnoreNormalsForChartDetection: 0
  m_ImportantGI: 0
  m_StitchLightmapSeams: 1
  m_SelectedEditorRenderState: 3
  m_MinimumChartSize: 4
  m_AutoUVMaxDistance: 0.5
  m_AutoUVMaxAngle: 89
  m_LightmapParameters: {fileID: 0}
  m_SortingLayerID: 0
  m_SortingLayer: 0
  m_SortingOrder: 0
  serializedVersion: 2
  m_Quality: 0
  m_UpdateWhenOffscreen: 0
  m_SkinnedMotionVectors: 1
  m_Mesh: {fileID: 7450741763379908841, guid: b2f2e775586974008973b2b381a081ac, type: 3}
  m_Bones:
  - {fileID: 8415763514643570289}
  - {fileID: 3557283465809169917}
  - {fileID: 7000172716436535399}
  - {fileID: 5507971955074256462}
  - {fileID: 6284658468936240997}
  - {fileID: 8933028907630619026}
  - {fileID: 8264007236341241160}
  - {fileID: 8441770423155676002}
  - {fileID: 8126435513583768137}
  - {fileID: 4846816650254372777}
  - {fileID: 1019844494047142192}
  - {fileID: 6164369172281168564}
  - {fileID: 7640919888620056190}
  - {fileID: 732190218730539545}
  - {fileID: 5038755789000110326}
  - {fileID: 2819260554919801512}
  - {fileID: 1803430303143475787}
  - {fileID: 3379365870992213248}
  - {fileID: 2522256498259712850}
  - {fileID: 2789982546435935287}
  - {fileID: 5783472113813643690}
  - {fileID: 572632247910867987}
  - {fileID: 7963665663320312583}
  - {fileID: 5577257284990523293}
  - {fileID: 7587382025913307267}
  - {fileID: 8143055948910422466}
  - {fileID: 4429556333789323128}
  - {fileID: 7617338833887154852}
  - {fileID: 2546602608065464109}
  - {fileID: 3186956322462330872}
  - {fileID: 3752153141232465625}
  - {fileID: 4252449247621062690}
  - {fileID: 4544378596971688837}
  - {fileID: 5765320258965028428}
  - {fileID: 6421133578186552255}
  - {fileID: 3235449738011291026}
  - {fileID: 1850742111923976323}
  - {fileID: 5232884554155639688}
  - {fileID: 3770750760824004580}
  - {fileID: 5591432407387290666}
  - {fileID: 4609448294745169861}
  - {fileID: 4783051604085687990}
  - {fileID: 5569741543006425882}
  - {fileID: 396445963717381407}
  - {fileID: 5591287410650645140}
  - {fileID: 3296105116234051150}
  - {fileID: 4509770653363268767}
  - {fileID: 5650009663643876857}
  - {fileID: 7837448373729237851}
  - {fileID: 3665965967497307876}
  - {fileID: 3340086921828000025}
  - {fileID: 559833479083008543}
  - {fileID: 1737602213076932940}
  - {fileID: 7022492572029568625}
  m_BlendShapeWeights: []
  m_RootBone: {fileID: 8441770423155676002}
  m_AABB:
    m_Center: {x: 0.07256609, y: -0.038974613, z: -0.11337958}
    m_Extent: {x: 0.9627264, y: 0.46846822, z: 0.5060665}
  m_DirtyAABB: 0
--- !u!1 &5281176153729433315
GameObject:
  m_ObjectHideFlags: 0
  m_CorrespondingSourceObject: {fileID: 0}
  m_PrefabInstance: {fileID: 0}
  m_PrefabAsset: {fileID: 0}
  serializedVersion: 6
  m_Component:
  - component: {fileID: 4544378596971688837}
  m_Layer: 0
  m_Name: lowerarm_r
  m_TagString: Untagged
  m_Icon: {fileID: 0}
  m_NavMeshLayer: 0
  m_StaticEditorFlags: 0
  m_IsActive: 1
--- !u!4 &4544378596971688837
Transform:
  m_ObjectHideFlags: 0
  m_CorrespondingSourceObject: {fileID: 0}
  m_PrefabInstance: {fileID: 0}
  m_PrefabAsset: {fileID: 0}
  m_GameObject: {fileID: 5281176153729433315}
  m_LocalRotation: {x: -0.012344846, y: -0.1464657, z: 0.7963646, w: 0.5866847}
  m_LocalPosition: {x: 0.2555486, y: 0.004467149, z: 0.004463501}
  m_LocalScale: {x: 1, y: 0.9999999, z: 1.0000001}
  m_ConstrainProportionsScale: 0
  m_Children:
  - {fileID: 3770750760824004580}
  - {fileID: 5232884554155639688}
  m_Father: {fileID: 4252449247621062690}
  m_RootOrder: 0
  m_LocalEulerAnglesHint: {x: 0, y: 0, z: 0}
--- !u!1 &5358231565048044810
GameObject:
  m_ObjectHideFlags: 0
  m_CorrespondingSourceObject: {fileID: 0}
  m_PrefabInstance: {fileID: 0}
  m_PrefabAsset: {fileID: 0}
  serializedVersion: 6
  m_Component:
  - component: {fileID: 1019844494047142192}
  m_Layer: 0
  m_Name: calf_l
  m_TagString: Untagged
  m_Icon: {fileID: 0}
  m_NavMeshLayer: 0
  m_StaticEditorFlags: 0
  m_IsActive: 1
--- !u!4 &1019844494047142192
Transform:
  m_ObjectHideFlags: 0
  m_CorrespondingSourceObject: {fileID: 0}
  m_PrefabInstance: {fileID: 0}
  m_PrefabAsset: {fileID: 0}
  m_GameObject: {fileID: 5358231565048044810}
  m_LocalRotation: {x: -0.121080846, y: -0.010616486, z: 0.34962213, w: 0.92897314}
  m_LocalPosition: {x: 0.42572036, y: -5.9604643e-10, z: 0}
  m_LocalScale: {x: 1, y: 1, z: 1}
  m_ConstrainProportionsScale: 0
  m_Children:
  - {fileID: 6164369172281168564}
  m_Father: {fileID: 4846816650254372777}
  m_RootOrder: 0
  m_LocalEulerAnglesHint: {x: 0, y: 0, z: 0}
--- !u!1 &5609925570510339493
GameObject:
  m_ObjectHideFlags: 0
  m_CorrespondingSourceObject: {fileID: 0}
  m_PrefabInstance: {fileID: 0}
  m_PrefabAsset: {fileID: 0}
  serializedVersion: 6
  m_Component:
  - component: {fileID: 5569741543006425882}
  m_Layer: 0
  m_Name: index_03_r
  m_TagString: Untagged
  m_Icon: {fileID: 0}
  m_NavMeshLayer: 0
  m_StaticEditorFlags: 0
  m_IsActive: 1
--- !u!4 &5569741543006425882
Transform:
  m_ObjectHideFlags: 0
  m_CorrespondingSourceObject: {fileID: 0}
  m_PrefabInstance: {fileID: 0}
  m_PrefabAsset: {fileID: 0}
  m_GameObject: {fileID: 5609925570510339493}
  m_LocalRotation: {x: 0.014607379, y: -0.042254645, z: 0.056344327, w: 0.9974099}
  m_LocalPosition: {x: 0.03296837, y: 0.0027238464, z: 0.0031091308}
  m_LocalScale: {x: 0.99999994, y: 1, z: 1}
  m_ConstrainProportionsScale: 0
  m_Children: []
  m_Father: {fileID: 4783051604085687990}
  m_RootOrder: 0
  m_LocalEulerAnglesHint: {x: 0, y: 0, z: 0}
--- !u!1 &5769500222577496835
GameObject:
  m_ObjectHideFlags: 0
  m_CorrespondingSourceObject: {fileID: 0}
  m_PrefabInstance: {fileID: 0}
  m_PrefabAsset: {fileID: 0}
  serializedVersion: 6
  m_Component:
  - component: {fileID: 5783472113813643690}
  m_Layer: 0
  m_Name: middle_02_l
  m_TagString: Untagged
  m_Icon: {fileID: 0}
  m_NavMeshLayer: 0
  m_StaticEditorFlags: 0
  m_IsActive: 1
--- !u!4 &5783472113813643690
Transform:
  m_ObjectHideFlags: 0
  m_CorrespondingSourceObject: {fileID: 0}
  m_PrefabInstance: {fileID: 0}
  m_PrefabAsset: {fileID: 0}
  m_GameObject: {fileID: 5769500222577496835}
  m_LocalRotation: {x: -0.03866408, y: -0.16238768, z: -0.71930873, w: 0.6743369}
  m_LocalPosition: {x: -0.048986588, y: -0.00091339106, z: 0.0030795669}
  m_LocalScale: {x: 1.0000001, y: 1, z: 0.99999994}
  m_ConstrainProportionsScale: 0
  m_Children:
  - {fileID: 572632247910867987}
  m_Father: {fileID: 2789982546435935287}
  m_RootOrder: 0
  m_LocalEulerAnglesHint: {x: 0, y: 0, z: 0}
--- !u!1 &6031066404712214315
GameObject:
  m_ObjectHideFlags: 0
  m_CorrespondingSourceObject: {fileID: 0}
  m_PrefabInstance: {fileID: 0}
  m_PrefabAsset: {fileID: 0}
  serializedVersion: 6
  m_Component:
  - component: {fileID: 6242601821313426351}
  m_Layer: 0
  m_Name: root
  m_TagString: Untagged
  m_Icon: {fileID: 0}
  m_NavMeshLayer: 0
  m_StaticEditorFlags: 0
  m_IsActive: 1
--- !u!4 &6242601821313426351
Transform:
  m_ObjectHideFlags: 0
  m_CorrespondingSourceObject: {fileID: 0}
  m_PrefabInstance: {fileID: 0}
  m_PrefabAsset: {fileID: 0}
  m_GameObject: {fileID: 6031066404712214315}
  m_LocalRotation: {x: -0.618863, y: 0.36743233, z: 0.46520334, w: 0.51535225}
  m_LocalPosition: {x: 0.24377783, y: 0.034760512, z: 0.03588477}
  m_LocalScale: {x: 1, y: 1, z: 1}
  m_ConstrainProportionsScale: 0
  m_Children:
  - {fileID: 8441770423155676002}
  m_Father: {fileID: 7834617430719948859}
  m_RootOrder: 1
  m_LocalEulerAnglesHint: {x: 0, y: 0, z: 0}
--- !u!1 &6135820742182924658
GameObject:
  m_ObjectHideFlags: 0
  m_CorrespondingSourceObject: {fileID: 0}
  m_PrefabInstance: {fileID: 0}
  m_PrefabAsset: {fileID: 0}
  serializedVersion: 6
  m_Component:
  - component: {fileID: 8264007236341241160}
  m_Layer: 0
  m_Name: spine_01
  m_TagString: Untagged
  m_Icon: {fileID: 0}
  m_NavMeshLayer: 0
  m_StaticEditorFlags: 0
  m_IsActive: 1
--- !u!4 &8264007236341241160
Transform:
  m_ObjectHideFlags: 0
  m_CorrespondingSourceObject: {fileID: 0}
  m_PrefabInstance: {fileID: 0}
  m_PrefabAsset: {fileID: 0}
  m_GameObject: {fileID: 6135820742182924658}
  m_LocalRotation: {x: 0.026959263, y: -0.007838449, z: 0.09149172, w: 0.99541}
  m_LocalPosition: {x: -0.10808876, y: -0.00851415, z: 6.366463e-14}
  m_LocalScale: {x: 1, y: 1, z: 1}
  m_ConstrainProportionsScale: 0
  m_Children:
  - {fileID: 8933028907630619026}
  m_Father: {fileID: 8441770423155676002}
  m_RootOrder: 0
  m_LocalEulerAnglesHint: {x: 0, y: 0, z: 0}
--- !u!1 &6159693457654791564
GameObject:
  m_ObjectHideFlags: 0
  m_CorrespondingSourceObject: {fileID: 0}
  m_PrefabInstance: {fileID: 0}
  m_PrefabAsset: {fileID: 0}
  serializedVersion: 6
  m_Component:
  - component: {fileID: 1850742111923976323}
  m_Layer: 0
  m_Name: ball_r
  m_TagString: Untagged
  m_Icon: {fileID: 0}
  m_NavMeshLayer: 0
  m_StaticEditorFlags: 0
  m_IsActive: 1
--- !u!4 &1850742111923976323
Transform:
  m_ObjectHideFlags: 0
  m_CorrespondingSourceObject: {fileID: 0}
  m_PrefabInstance: {fileID: 0}
  m_PrefabAsset: {fileID: 0}
  m_GameObject: {fileID: 6159693457654791564}
  m_LocalRotation: {x: 0.000080076265, y: -0.000029593806, z: 0.7186339, w: 0.6953886}
  m_LocalPosition: {x: -0.10454101, y: 0.20117202, z: 0.019517077}
  m_LocalScale: {x: 1, y: 1.0000001, z: 1.0000001}
  m_ConstrainProportionsScale: 0
  m_Children: []
  m_Father: {fileID: 3235449738011291026}
  m_RootOrder: 0
  m_LocalEulerAnglesHint: {x: 0, y: 0, z: 0}
--- !u!1 &6488726239464337513
GameObject:
  m_ObjectHideFlags: 0
  m_CorrespondingSourceObject: {fileID: 0}
  m_PrefabInstance: {fileID: 0}
  m_PrefabAsset: {fileID: 0}
  serializedVersion: 6
  m_Component:
  - component: {fileID: 8415763514643570289}
  m_Layer: 0
  m_Name: head
  m_TagString: Untagged
  m_Icon: {fileID: 0}
  m_NavMeshLayer: 0
  m_StaticEditorFlags: 0
  m_IsActive: 1
--- !u!4 &8415763514643570289
Transform:
  m_ObjectHideFlags: 0
  m_CorrespondingSourceObject: {fileID: 0}
  m_PrefabInstance: {fileID: 0}
  m_PrefabAsset: {fileID: 0}
  m_GameObject: {fileID: 6488726239464337513}
  m_LocalRotation: {x: 2.6143405e-16, y: -7.204873e-15, z: -0.13354197, w: 0.99104315}
  m_LocalPosition: {x: -0.07350983, y: -0.0011868286, z: -0.000000002370798}
  m_LocalScale: {x: 1, y: 1, z: 1}
  m_ConstrainProportionsScale: 0
  m_Children: []
  m_Father: {fileID: 6284658468936240997}
  m_RootOrder: 0
  m_LocalEulerAnglesHint: {x: 0, y: 0, z: 0}
--- !u!1 &6821784367849627557
GameObject:
  m_ObjectHideFlags: 0
  m_CorrespondingSourceObject: {fileID: 0}
  m_PrefabInstance: {fileID: 0}
  m_PrefabAsset: {fileID: 0}
  serializedVersion: 6
  m_Component:
  - component: {fileID: 396445963717381407}
  m_Layer: 0
  m_Name: middle_01_r
  m_TagString: Untagged
  m_Icon: {fileID: 0}
  m_NavMeshLayer: 0
  m_StaticEditorFlags: 0
  m_IsActive: 1
--- !u!4 &396445963717381407
Transform:
  m_ObjectHideFlags: 0
  m_CorrespondingSourceObject: {fileID: 0}
  m_PrefabInstance: {fileID: 0}
  m_PrefabAsset: {fileID: 0}
  m_GameObject: {fileID: 6821784367849627557}
  m_LocalRotation: {x: -0.05857775, y: -0.1272545, z: -0.7795915, w: 0.6104196}
  m_LocalPosition: {x: 0.1289576, y: -0.019280853, z: -0.018169079}
  m_LocalScale: {x: 0.9999998, y: 0.99999994, z: 0.99999994}
  m_ConstrainProportionsScale: 0
  m_Children:
  - {fileID: 5591287410650645140}
  m_Father: {fileID: 3770750760824004580}
  m_RootOrder: 1
  m_LocalEulerAnglesHint: {x: 0, y: 0, z: 0}
--- !u!1 &7152610061784726798
GameObject:
  m_ObjectHideFlags: 0
  m_CorrespondingSourceObject: {fileID: 0}
  m_PrefabInstance: {fileID: 0}
  m_PrefabAsset: {fileID: 0}
  serializedVersion: 6
  m_Component:
  - component: {fileID: 4783051604085687990}
  m_Layer: 0
  m_Name: index_02_r
  m_TagString: Untagged
  m_Icon: {fileID: 0}
  m_NavMeshLayer: 0
  m_StaticEditorFlags: 0
  m_IsActive: 1
--- !u!4 &4783051604085687990
Transform:
  m_ObjectHideFlags: 0
  m_CorrespondingSourceObject: {fileID: 0}
  m_PrefabInstance: {fileID: 0}
  m_PrefabAsset: {fileID: 0}
  m_GameObject: {fileID: 7152610061784726798}
  m_LocalRotation: {x: 0.057159785, y: -0.252036, z: -0.5756187, w: 0.77580523}
  m_LocalPosition: {x: 0.05145275, y: 0.0065145874, z: -0.0004065704}
  m_LocalScale: {x: 0.99999994, y: 1, z: 1}
  m_ConstrainProportionsScale: 0
  m_Children:
  - {fileID: 5569741543006425882}
  m_Father: {fileID: 4609448294745169861}
  m_RootOrder: 0
  m_LocalEulerAnglesHint: {x: 0, y: 0, z: 0}
--- !u!1 &7473866192151153224
GameObject:
  m_ObjectHideFlags: 0
  m_CorrespondingSourceObject: {fileID: 0}
  m_PrefabInstance: {fileID: 0}
  m_PrefabAsset: {fileID: 0}
  serializedVersion: 6
  m_Component:
  - component: {fileID: 6421133578186552255}
  m_Layer: 0
  m_Name: calf_r
  m_TagString: Untagged
  m_Icon: {fileID: 0}
  m_NavMeshLayer: 0
  m_StaticEditorFlags: 0
  m_IsActive: 1
--- !u!4 &6421133578186552255
Transform:
  m_ObjectHideFlags: 0
  m_CorrespondingSourceObject: {fileID: 0}
  m_PrefabInstance: {fileID: 0}
  m_PrefabAsset: {fileID: 0}
  m_GameObject: {fileID: 7473866192151153224}
  m_LocalRotation: {x: -0.118583046, y: -0.010917427, z: 0.28862387, w: 0.950008}
  m_LocalPosition: {x: -0.42572257, y: -0.000000019669532, z: 0.000000019073486}
  m_LocalScale: {x: 1, y: 1.0000001, z: 1}
  m_ConstrainProportionsScale: 0
  m_Children:
  - {fileID: 3235449738011291026}
  m_Father: {fileID: 5765320258965028428}
  m_RootOrder: 0
  m_LocalEulerAnglesHint: {x: 0, y: 0, z: 0}
--- !u!1 &7490039955005452929
GameObject:
  m_ObjectHideFlags: 0
  m_CorrespondingSourceObject: {fileID: 0}
  m_PrefabInstance: {fileID: 0}
  m_PrefabAsset: {fileID: 0}
  serializedVersion: 6
  m_Component:
  - component: {fileID: 7834617430719948859}
  - component: {fileID: 4204686257333776961}
  - component: {fileID: 2058331669137277519}
  m_Layer: 0
  m_Name: Rhino
  m_TagString: Untagged
  m_Icon: {fileID: 0}
  m_NavMeshLayer: 0
  m_StaticEditorFlags: 0
  m_IsActive: 1
--- !u!4 &7834617430719948859
Transform:
  m_ObjectHideFlags: 0
  m_CorrespondingSourceObject: {fileID: 0}
  m_PrefabInstance: {fileID: 0}
  m_PrefabAsset: {fileID: 0}
  m_GameObject: {fileID: 7490039955005452929}
  m_LocalRotation: {x: 0, y: 0.7071068, z: 0, w: 0.7071068}
  m_LocalPosition: {x: 0, y: 0, z: 0}
  m_LocalScale: {x: 3.5, y: 3.5, z: 3.5}
  m_ConstrainProportionsScale: 0
  m_Children:
  - {fileID: 5982104276871864838}
  - {fileID: 6242601821313426351}
  m_Father: {fileID: 0}
  m_RootOrder: 0
  m_LocalEulerAnglesHint: {x: 0, y: 90, z: 0}
--- !u!95 &4204686257333776961
Animator:
  serializedVersion: 5
  m_ObjectHideFlags: 0
  m_CorrespondingSourceObject: {fileID: 0}
  m_PrefabInstance: {fileID: 0}
  m_PrefabAsset: {fileID: 0}
  m_GameObject: {fileID: 7490039955005452929}
  m_Enabled: 1
  m_Avatar: {fileID: 9000000, guid: b2f2e775586974008973b2b381a081ac, type: 3}
  m_Controller: {fileID: 9100000, guid: 85eca58503f1043499d28ef6a3683ace, type: 2}
  m_CullingMode: 1
  m_UpdateMode: 0
  m_ApplyRootMotion: 1
  m_LinearVelocityBlending: 0
  m_StabilizeFeet: 0
  m_WarningMessage: 
  m_HasTransformHierarchy: 1
  m_AllowConstantClipSamplingOptimization: 1
  m_KeepAnimatorStateOnDisable: 0
  m_WriteDefaultValuesOnDisable: 0
--- !u!114 &2058331669137277519
MonoBehaviour:
  m_ObjectHideFlags: 0
  m_CorrespondingSourceObject: {fileID: 0}
  m_PrefabInstance: {fileID: 0}
  m_PrefabAsset: {fileID: 0}
  m_GameObject: {fileID: 7490039955005452929}
  m_Enabled: 1
  m_EditorHideFlags: 0
  m_Script: {fileID: 11500000, guid: f4865af8fa2382d42b56844ef3a9cbf0, type: 3}
  m_Name: 
  m_EditorClassIdentifier: 
  isHit: 0
  hitBoxes:
  - rect:
      serializedVersion: 2
      x: 0
      y: 0
      width: 4
      height: 4
    defaultVisibility: 1
    followXBounds: 0
    followYBounds: 0
    position: {fileID: 8415763514643570289}
    bodyPart: 1
    mappedPosition:
      x:
        _serializedValue: 0
      y:
        _serializedValue: 0
      z:
        _serializedValue: 0
    localPosition:
      x:
        _serializedValue: 0
      y:
        _serializedValue: 0
      z:
        _serializedValue: 0
    shape: 0
    collisionType: 0
    type: 0
    _rect:
      _x:
        _serializedValue: 0
      _y:
        _serializedValue: 0
      topRight:
        x:
          _serializedValue: 0
        y:
          _serializedValue: 0
        z:
          _serializedValue: 0
      topLeft:
        x:
          _serializedValue: 0
        y:
          _serializedValue: 0
        z:
          _serializedValue: 0
      bottomRight:
        x:
          _serializedValue: 0
        y:
          _serializedValue: 0
        z:
          _serializedValue: 0
      bottomLeft:
        x:
          _serializedValue: 0
        y:
          _serializedValue: 0
        z:
          _serializedValue: 0
      width:
        _serializedValue: 0
      height:
        _serializedValue: 0
      xMax:
        _serializedValue: 0
      yMax:
        _serializedValue: 0
    _radius:
      _serializedValue: 2147483648
    _offSet:
      x:
        _serializedValue: 1202590848
      y:
        _serializedValue: 472446400
      z:
        _serializedValue: 0
  - rect:
      serializedVersion: 2
      x: -0.93
      y: -0.33
      width: 1.77
      height: 1.02
    defaultVisibility: 1
    followXBounds: 0
    followYBounds: 0
    position: {fileID: 3557283465809169917}
    bodyPart: 2
    mappedPosition:
      x:
        _serializedValue: 0
      y:
        _serializedValue: 0
      z:
        _serializedValue: 0
    localPosition:
      x:
        _serializedValue: 0
      y:
        _serializedValue: 0
      z:
        _serializedValue: 0
    shape: 1
    collisionType: 0
    type: 0
    _rect:
      _x:
        _serializedValue: -3994319616
      _y:
        _serializedValue: -1417339264
      topRight:
        x:
          _serializedValue: 3607772416
        y:
          _serializedValue: -1417339264
        z:
          _serializedValue: 0
      topLeft:
        x:
          _serializedValue: -3994319616
        y:
          _serializedValue: -1417339264
        z:
          _serializedValue: 0
      bottomRight:
        x:
          _serializedValue: 3607772416
        y:
          _serializedValue: 2963527168
        z:
          _serializedValue: 0
      bottomLeft:
        x:
          _serializedValue: -3994319616
        y:
          _serializedValue: 2963527168
        z:
          _serializedValue: 0
      width:
        _serializedValue: 7602092032
      height:
        _serializedValue: 4380866560
      xMax:
        _serializedValue: 3607772416
      yMax:
        _serializedValue: 2963527168
    _radius:
      _serializedValue: 3435973888
    _offSet:
      x:
        _serializedValue: 0
      y:
        _serializedValue: 0
      z:
        _serializedValue: 0
  - rect:
      serializedVersion: 2
      x: -0.78
      y: -0.51
      width: 1.52
      height: 1.36
    defaultVisibility: 1
    followXBounds: 0
    followYBounds: 0
    position: {fileID: 8264007236341241160}
    bodyPart: 3
    mappedPosition:
      x:
        _serializedValue: 0
      y:
        _serializedValue: 0
      z:
        _serializedValue: 0
    localPosition:
      x:
        _serializedValue: 0
      y:
        _serializedValue: 0
      z:
        _serializedValue: 0
    shape: 1
    collisionType: 0
    type: 0
    _rect:
      _x:
        _serializedValue: -3350074368
      _y:
        _serializedValue: -2190433280
      topRight:
        x:
          _serializedValue: 3178275840
        y:
          _serializedValue: -2190433280
        z:
          _serializedValue: 0
      topLeft:
        x:
          _serializedValue: -3350074368
        y:
          _serializedValue: -2190433280
        z:
          _serializedValue: 0
      bottomRight:
        x:
          _serializedValue: 3178275840
        y:
          _serializedValue: 3650722304
        z:
          _serializedValue: 0
      bottomLeft:
        x:
          _serializedValue: -3350074368
        y:
          _serializedValue: 3650722304
        z:
          _serializedValue: 0
      width:
        _serializedValue: 6528350208
      height:
        _serializedValue: 5841155584
      xMax:
        _serializedValue: 3178275840
      yMax:
        _serializedValue: 3650722304
    _radius:
      _serializedValue: 3865470464
    _offSet:
      x:
        _serializedValue: 0
      y:
        _serializedValue: 0
      z:
        _serializedValue: 0
  - rect:
      serializedVersion: 2
      x: 0
      y: 0
      width: 4
      height: 4
    defaultVisibility: 1
    followXBounds: 0
    followYBounds: 0
    position: {fileID: 5507971955074256462}
    bodyPart: 4
    mappedPosition:
      x:
        _serializedValue: 0
      y:
        _serializedValue: 0
      z:
        _serializedValue: 0
    localPosition:
      x:
        _serializedValue: 0
      y:
        _serializedValue: 0
      z:
        _serializedValue: 0
    shape: 0
    collisionType: 1
    type: 1
    _rect:
      _x:
        _serializedValue: 0
      _y:
        _serializedValue: 0
      topRight:
        x:
          _serializedValue: 0
        y:
          _serializedValue: 0
        z:
          _serializedValue: 0
      topLeft:
        x:
          _serializedValue: 0
        y:
          _serializedValue: 0
        z:
          _serializedValue: 0
      bottomRight:
        x:
          _serializedValue: 0
        y:
          _serializedValue: 0
        z:
          _serializedValue: 0
      bottomLeft:
        x:
          _serializedValue: 0
        y:
          _serializedValue: 0
        z:
          _serializedValue: 0
      width:
        _serializedValue: 0
      height:
        _serializedValue: 0
      xMax:
        _serializedValue: 0
      yMax:
        _serializedValue: 0
    _radius:
      _serializedValue: 1717986944
    _offSet:
      x:
        _serializedValue: 644245120
      y:
        _serializedValue: 0
      z:
        _serializedValue: 0
  - rect:
      serializedVersion: 2
      x: 0
      y: 0
      width: 4
      height: 4
    defaultVisibility: 1
    followXBounds: 0
    followYBounds: 0
    position: {fileID: 4252449247621062690}
    bodyPart: 5
    mappedPosition:
      x:
        _serializedValue: 0
      y:
        _serializedValue: 0
      z:
        _serializedValue: 0
    localPosition:
      x:
        _serializedValue: 0
      y:
        _serializedValue: 0
      z:
        _serializedValue: 0
    shape: 0
    collisionType: 1
    type: 1
    _rect:
      _x:
        _serializedValue: 0
      _y:
        _serializedValue: 0
      topRight:
        x:
          _serializedValue: 0
        y:
          _serializedValue: 0
        z:
          _serializedValue: 0
      topLeft:
        x:
          _serializedValue: 0
        y:
          _serializedValue: 0
        z:
          _serializedValue: 0
      bottomRight:
        x:
          _serializedValue: 0
        y:
          _serializedValue: 0
        z:
          _serializedValue: 0
      bottomLeft:
        x:
          _serializedValue: 0
        y:
          _serializedValue: 0
        z:
          _serializedValue: 0
      width:
        _serializedValue: 0
      height:
        _serializedValue: 0
      xMax:
        _serializedValue: 0
      yMax:
        _serializedValue: 0
    _radius:
      _serializedValue: 1717986944
    _offSet:
      x:
        _serializedValue: 0
      y:
        _serializedValue: 386547072
      z:
        _serializedValue: 0
  - rect:
      serializedVersion: 2
      x: 0
      y: 0
      width: 4
      height: 4
    defaultVisibility: 1
    followXBounds: 0
    followYBounds: 0
    position: {fileID: 8126435513583768137}
    bodyPart: 6
    mappedPosition:
      x:
        _serializedValue: 0
      y:
        _serializedValue: 0
      z:
        _serializedValue: 0
    localPosition:
      x:
        _serializedValue: 0
      y:
        _serializedValue: 0
      z:
        _serializedValue: 0
    shape: 0
    collisionType: 1
    type: 1
    _rect:
      _x:
        _serializedValue: 0
      _y:
        _serializedValue: 0
      topRight:
        x:
          _serializedValue: 0
        y:
          _serializedValue: 0
        z:
          _serializedValue: 0
      topLeft:
        x:
          _serializedValue: 0
        y:
          _serializedValue: 0
        z:
          _serializedValue: 0
      bottomRight:
        x:
          _serializedValue: 0
        y:
          _serializedValue: 0
        z:
          _serializedValue: 0
      bottomLeft:
        x:
          _serializedValue: 0
        y:
          _serializedValue: 0
        z:
          _serializedValue: 0
      width:
        _serializedValue: 0
      height:
        _serializedValue: 0
      xMax:
        _serializedValue: 0
      yMax:
        _serializedValue: 0
    _radius:
      _serializedValue: 1717986944
    _offSet:
      x:
        _serializedValue: 0
      y:
        _serializedValue: 257698032
      z:
        _serializedValue: 0
  - rect:
      serializedVersion: 2
      x: 0
      y: 0
      width: 4
      height: 4
    defaultVisibility: 1
    followXBounds: 0
    followYBounds: 0
    position: {fileID: 4544378596971688837}
    bodyPart: 7
    mappedPosition:
      x:
        _serializedValue: 0
      y:
        _serializedValue: 0
      z:
        _serializedValue: 0
    localPosition:
      x:
        _serializedValue: 0
      y:
        _serializedValue: 0
      z:
        _serializedValue: 0
    shape: 0
    collisionType: 1
    type: 1
    _rect:
      _x:
        _serializedValue: 0
      _y:
        _serializedValue: 0
      topRight:
        x:
          _serializedValue: 0
        y:
          _serializedValue: 0
        z:
          _serializedValue: 0
      topLeft:
        x:
          _serializedValue: 0
        y:
          _serializedValue: 0
        z:
          _serializedValue: 0
      bottomRight:
        x:
          _serializedValue: 0
        y:
          _serializedValue: 0
        z:
          _serializedValue: 0
      bottomLeft:
        x:
          _serializedValue: 0
        y:
          _serializedValue: 0
        z:
          _serializedValue: 0
      width:
        _serializedValue: 0
      height:
        _serializedValue: 0
      xMax:
        _serializedValue: 0
      yMax:
        _serializedValue: 0
    _radius:
      _serializedValue: 1717986944
    _offSet:
      x:
        _serializedValue: 0
      y:
        _serializedValue: 515396064
      z:
        _serializedValue: 0
  - rect:
      serializedVersion: 2
      x: 0
      y: 0
      width: 4
      height: 4
    defaultVisibility: 1
    followXBounds: 0
    followYBounds: 0
    position: {fileID: 5038755789000110326}
    bodyPart: 8
    mappedPosition:
      x:
        _serializedValue: 0
      y:
        _serializedValue: 0
      z:
        _serializedValue: 0
    localPosition:
      x:
        _serializedValue: 0
      y:
        _serializedValue: 0
      z:
        _serializedValue: 0
    shape: 0
    collisionType: 2
    type: 0
    _rect:
      _x:
        _serializedValue: 0
      _y:
        _serializedValue: 0
      topRight:
        x:
          _serializedValue: 0
        y:
          _serializedValue: 0
        z:
          _serializedValue: 0
      topLeft:
        x:
          _serializedValue: 0
        y:
          _serializedValue: 0
        z:
          _serializedValue: 0
      bottomRight:
        x:
          _serializedValue: 0
        y:
          _serializedValue: 0
        z:
          _serializedValue: 0
      bottomLeft:
        x:
          _serializedValue: 0
        y:
          _serializedValue: 0
        z:
          _serializedValue: 0
      width:
        _serializedValue: 0
      height:
        _serializedValue: 0
      xMax:
        _serializedValue: 0
      yMax:
        _serializedValue: 0
    _radius:
      _serializedValue: 1717986944
    _offSet:
      x:
        _serializedValue: 257698032
      y:
        _serializedValue: 0
      z:
        _serializedValue: 0
  - rect:
      serializedVersion: 2
      x: 0
      y: 0
      width: 4
      height: 4
    defaultVisibility: 1
    followXBounds: 0
    followYBounds: 0
    position: {fileID: 3770750760824004580}
    bodyPart: 9
    mappedPosition:
      x:
        _serializedValue: 0
      y:
        _serializedValue: 0
      z:
        _serializedValue: 0
    localPosition:
      x:
        _serializedValue: 0
      y:
        _serializedValue: 0
      z:
        _serializedValue: 0
    shape: 0
    collisionType: 2
    type: 0
    _rect:
      _x:
        _serializedValue: 0
      _y:
        _serializedValue: 0
      topRight:
        x:
          _serializedValue: 0
        y:
          _serializedValue: 0
        z:
          _serializedValue: 0
      topLeft:
        x:
          _serializedValue: 0
        y:
          _serializedValue: 0
        z:
          _serializedValue: 0
      bottomRight:
        x:
          _serializedValue: 0
        y:
          _serializedValue: 0
        z:
          _serializedValue: 0
      bottomLeft:
        x:
          _serializedValue: 0
        y:
          _serializedValue: 0
        z:
          _serializedValue: 0
      width:
        _serializedValue: 0
      height:
        _serializedValue: 0
      xMax:
        _serializedValue: 0
      yMax:
        _serializedValue: 0
    _radius:
      _serializedValue: 1717986944
    _offSet:
      x:
        _serializedValue: 773094144
      y:
        _serializedValue: 1030792128
      z:
        _serializedValue: 0
  - rect:
      serializedVersion: 2
      x: -0.03
      y: -1.32
      width: 0.99
      height: 1.63
    defaultVisibility: 1
    followXBounds: 0
    followYBounds: 0
    position: {fileID: 4846816650254372777}
    bodyPart: 10
    mappedPosition:
      x:
        _serializedValue: 0
      y:
        _serializedValue: 0
      z:
        _serializedValue: 0
    localPosition:
      x:
        _serializedValue: 0
      y:
        _serializedValue: 0
      z:
        _serializedValue: 0
    shape: 1
    collisionType: 0
    type: 1
    _rect:
      _x:
        _serializedValue: -128849016
      _y:
        _serializedValue: -5669357056
      topRight:
        x:
          _serializedValue: 4123168768
        y:
          _serializedValue: -5669357056
        z:
          _serializedValue: 0
      topLeft:
        x:
          _serializedValue: -128849016
        y:
          _serializedValue: -5669357056
        z:
          _serializedValue: 0
      bottomRight:
        x:
          _serializedValue: 4123168768
        y:
          _serializedValue: 1331439616
        z:
          _serializedValue: 0
      bottomLeft:
        x:
          _serializedValue: -128849016
        y:
          _serializedValue: 1331439616
        z:
          _serializedValue: 0
      width:
        _serializedValue: 4252017664
      height:
        _serializedValue: 7000796672
      xMax:
        _serializedValue: 4123168768
      yMax:
        _serializedValue: 1331439616
    _radius:
      _serializedValue: 2147483648
    _offSet:
      x:
        _serializedValue: 0
      y:
        _serializedValue: 0
      z:
        _serializedValue: 0
  - rect:
      serializedVersion: 2
      x: -0.76
      y: -1.32
      width: 1.01
      height: 1.65
    defaultVisibility: 1
    followXBounds: 0
    followYBounds: 0
    position: {fileID: 5765320258965028428}
    bodyPart: 11
    mappedPosition:
      x:
        _serializedValue: 0
      y:
        _serializedValue: 0
      z:
        _serializedValue: 0
    localPosition:
      x:
        _serializedValue: 0
      y:
        _serializedValue: 0
      z:
        _serializedValue: 0
    shape: 1
    collisionType: 0
    type: 1
    _rect:
      _x:
        _serializedValue: -3264175104
      _y:
        _serializedValue: -5669357056
      topRight:
        x:
          _serializedValue: 1073741824
        y:
          _serializedValue: -5669357056
        z:
          _serializedValue: 0
      topLeft:
        x:
          _serializedValue: -3264175104
        y:
          _serializedValue: -5669357056
        z:
          _serializedValue: 0
      bottomRight:
        x:
          _serializedValue: 1073741824
        y:
          _serializedValue: 1417338880
        z:
          _serializedValue: 0
      bottomLeft:
        x:
          _serializedValue: -3264175104
        y:
          _serializedValue: 1417338880
        z:
          _serializedValue: 0
      width:
        _serializedValue: 4337916928
      height:
        _serializedValue: 7086695936
      xMax:
        _serializedValue: 1073741824
      yMax:
        _serializedValue: 1417338880
    _radius:
      _serializedValue: 2147483648
    _offSet:
      x:
        _serializedValue: 0
      y:
        _serializedValue: 0
      z:
        _serializedValue: 0
  - rect:
      serializedVersion: 2
      x: -0.51
      y: -1.45
      width: 0.84
      height: 1.59
    defaultVisibility: 1
    followXBounds: 0
    followYBounds: 0
    position: {fileID: 1019844494047142192}
    bodyPart: 12
    mappedPosition:
      x:
        _serializedValue: 0
      y:
        _serializedValue: 0
      z:
        _serializedValue: 0
    localPosition:
      x:
        _serializedValue: 0
      y:
        _serializedValue: 0
      z:
        _serializedValue: 0
    shape: 1
    collisionType: 0
    type: 1
    _rect:
      _x:
        _serializedValue: -2190433280
      _y:
        _serializedValue: -6227702784
      topRight:
        x:
          _serializedValue: 1417339136
        y:
          _serializedValue: -6227702784
        z:
          _serializedValue: 0
      topLeft:
        x:
          _serializedValue: -2190433280
        y:
          _serializedValue: -6227702784
        z:
          _serializedValue: 0
      bottomRight:
        x:
          _serializedValue: 1417339136
        y:
          _serializedValue: 601295360
        z:
          _serializedValue: 0
      bottomLeft:
        x:
          _serializedValue: -2190433280
        y:
          _serializedValue: 601295360
        z:
          _serializedValue: 0
      width:
        _serializedValue: 3607772416
      height:
        _serializedValue: 6828998144
      xMax:
        _serializedValue: 1417339136
      yMax:
        _serializedValue: 601295360
    _radius:
      _serializedValue: 2147483648
    _offSet:
      x:
        _serializedValue: 0
      y:
        _serializedValue: 0
      z:
        _serializedValue: 0
  - rect:
      serializedVersion: 2
      x: -0.6
      y: -1.34
      width: 0.8
      height: 1.55
    defaultVisibility: 1
    followXBounds: 0
    followYBounds: 0
    position: {fileID: 6421133578186552255}
    bodyPart: 13
    mappedPosition:
      x:
        _serializedValue: 0
      y:
        _serializedValue: 0
      z:
        _serializedValue: 0
    localPosition:
      x:
        _serializedValue: 0
      y:
        _serializedValue: 0
      z:
        _serializedValue: 0
    shape: 1
    collisionType: 0
    type: 1
    _rect:
      _x:
        _serializedValue: -2576980480
      _y:
        _serializedValue: -5755256320
      topRight:
        x:
          _serializedValue: 858993408
        y:
          _serializedValue: -5755256320
        z:
          _serializedValue: 0
      topLeft:
        x:
          _serializedValue: -2576980480
        y:
          _serializedValue: -5755256320
        z:
          _serializedValue: 0
      bottomRight:
        x:
          _serializedValue: 858993408
        y:
          _serializedValue: 901942784
        z:
          _serializedValue: 0
      bottomLeft:
        x:
          _serializedValue: -2576980480
        y:
          _serializedValue: 901942784
        z:
          _serializedValue: 0
      width:
        _serializedValue: 3435973888
      height:
        _serializedValue: 6657199104
      xMax:
        _serializedValue: 858993408
      yMax:
        _serializedValue: 901942784
    _radius:
      _serializedValue: 2147483648
    _offSet:
      x:
        _serializedValue: 0
      y:
        _serializedValue: 0
      z:
        _serializedValue: 0
  - rect:
      serializedVersion: 2
      x: 0
      y: 0
      width: 4
      height: 4
    defaultVisibility: 1
    followXBounds: 0
    followYBounds: 0
    position: {fileID: 6164369172281168564}
    bodyPart: 14
    mappedPosition:
      x:
        _serializedValue: 0
      y:
        _serializedValue: 0
      z:
        _serializedValue: 0
    localPosition:
      x:
        _serializedValue: 0
      y:
        _serializedValue: 0
      z:
        _serializedValue: 0
    shape: 0
    collisionType: 0
    type: 1
    _rect:
      _x:
        _serializedValue: 0
      _y:
        _serializedValue: 0
      topRight:
        x:
          _serializedValue: 0
        y:
          _serializedValue: 0
        z:
          _serializedValue: 0
      topLeft:
        x:
          _serializedValue: 0
        y:
          _serializedValue: 0
        z:
          _serializedValue: 0
      bottomRight:
        x:
          _serializedValue: 0
        y:
          _serializedValue: 0
        z:
          _serializedValue: 0
      bottomLeft:
        x:
          _serializedValue: 0
        y:
          _serializedValue: 0
        z:
          _serializedValue: 0
      width:
        _serializedValue: 0
      height:
        _serializedValue: 0
      xMax:
        _serializedValue: 0
      yMax:
        _serializedValue: 0
    _radius:
      _serializedValue: 2147483648
    _offSet:
      x:
        _serializedValue: 944892800
      y:
        _serializedValue: -1846835968
      z:
        _serializedValue: 0
  - rect:
      serializedVersion: 2
      x: 0
      y: 0
      width: 4
      height: 4
    defaultVisibility: 1
    followXBounds: 0
    followYBounds: 0
    position: {fileID: 3235449738011291026}
    bodyPart: 15
    mappedPosition:
      x:
        _serializedValue: 0
      y:
        _serializedValue: 0
      z:
        _serializedValue: 0
    localPosition:
      x:
        _serializedValue: 0
      y:
        _serializedValue: 0
      z:
        _serializedValue: 0
    shape: 0
    collisionType: 0
    type: 1
    _rect:
      _x:
        _serializedValue: 0
      _y:
        _serializedValue: 0
      topRight:
        x:
          _serializedValue: 0
        y:
          _serializedValue: 0
        z:
          _serializedValue: 0
      topLeft:
        x:
          _serializedValue: 0
        y:
          _serializedValue: 0
        z:
          _serializedValue: 0
      bottomRight:
        x:
          _serializedValue: 0
        y:
          _serializedValue: 0
        z:
          _serializedValue: 0
      bottomLeft:
        x:
          _serializedValue: 0
        y:
          _serializedValue: 0
        z:
          _serializedValue: 0
      width:
        _serializedValue: 0
      height:
        _serializedValue: 0
      xMax:
        _serializedValue: 0
      yMax:
        _serializedValue: 0
    _radius:
      _serializedValue: 2147483648
    _offSet:
      x:
        _serializedValue: -214748368
      y:
        _serializedValue: -1589137920
      z:
        _serializedValue: 0
  - rect:
      serializedVersion: 2
      x: -1.01
      y: -1.47
      width: 2.23
      height: 3.64
    defaultVisibility: 1
    followXBounds: 0
    followYBounds: 0
    position: {fileID: 8441770423155676002}
    bodyPart: 0
    mappedPosition:
      x:
        _serializedValue: 0
      y:
        _serializedValue: 0
      z:
        _serializedValue: 0
    localPosition:
      x:
        _serializedValue: 0
      y:
        _serializedValue: 0
      z:
        _serializedValue: 0
    shape: 1
    collisionType: 3
    type: 0
    _rect:
      _x:
        _serializedValue: -4337916928
      _y:
        _serializedValue: -6313602048
      topRight:
        x:
          _serializedValue: 5239860224
        y:
          _serializedValue: -6313602048
        z:
          _serializedValue: 0
      topLeft:
        x:
          _serializedValue: -4337916928
        y:
          _serializedValue: -6313602048
        z:
          _serializedValue: 0
      bottomRight:
        x:
          _serializedValue: 5239860224
        y:
          _serializedValue: 9320079360
        z:
          _serializedValue: 0
      bottomLeft:
        x:
          _serializedValue: -4337916928
        y:
          _serializedValue: 9320079360
        z:
          _serializedValue: 0
      width:
        _serializedValue: 9577777152
      height:
        _serializedValue: 15633681408
      xMax:
        _serializedValue: 5239860224
      yMax:
        _serializedValue: 9320079360
    _radius:
      _serializedValue: 2147483648
    _offSet:
      x:
        _serializedValue: 0
      y:
        _serializedValue: 0
      z:
        _serializedValue: 0
  activeHurtBoxes: []
  blockableArea:
    enabled: 1
    activeFramesBegin: 0
    activeFramesEnds: 0
    bodyPart: 0
    hitBoxDefinitionIndex: 0
    shape: 0
    rect:
      serializedVersion: 2
      x: 0
      y: 0
      width: 4
      height: 4
    _rect:
      _x:
        _serializedValue: 0
      _y:
        _serializedValue: 0
      topRight:
        x:
          _serializedValue: 0
        y:
          _serializedValue: 0
        z:
          _serializedValue: 0
      topLeft:
        x:
          _serializedValue: 0
        y:
          _serializedValue: 0
        z:
          _serializedValue: 0
      bottomRight:
        x:
          _serializedValue: 0
        y:
          _serializedValue: 0
        z:
          _serializedValue: 0
      bottomLeft:
        x:
          _serializedValue: 0
        y:
          _serializedValue: 0
        z:
          _serializedValue: 0
      width:
        _serializedValue: 0
      height:
        _serializedValue: 0
      xMax:
        _serializedValue: 0
      yMax:
        _serializedValue: 0
    followXBounds: 0
    followYBounds: 0
    _radius:
      _serializedValue: 2147483648
    _offSet:
      x:
        _serializedValue: 0
      y:
        _serializedValue: 0
      z:
        _serializedValue: 0
    cuboidMin:
      x:
        _serializedValue: 0
      y:
        _serializedValue: 0
      z:
        _serializedValue: 0
    cuboidMax:
      x:
        _serializedValue: 0
      y:
        _serializedValue: 0
      z:
        _serializedValue: 0
    position:
      x:
        _serializedValue: 0
      y:
        _serializedValue: 0
      z:
        _serializedValue: 0
  hitConfirmType: 0
  collisionBoxSize:
    _serializedValue: 8589934592
  inverted: 0
  bakeSpeed: 0
  deltaPosition:
    x:
      _serializedValue: 0
    y:
      _serializedValue: 0
    z:
      _serializedValue: 0
  animationMaps: []
  controlsScript: {fileID: 0}
  previewInvertRotation: 0
  previewMirror: 0
  autoHitBoxes: []
  rectangleHitBoxLocationTest: 0
  rectTexture: {fileID: 0}
  moveSetScript: {fileID: 0}
  previewAllBoxes: 0
  customHitBoxes: {fileID: 0}
--- !u!1 &7494700283682775700
GameObject:
  m_ObjectHideFlags: 0
  m_CorrespondingSourceObject: {fileID: 0}
  m_PrefabInstance: {fileID: 0}
  m_PrefabAsset: {fileID: 0}
  serializedVersion: 6
  m_Component:
  - component: {fileID: 6164369172281168564}
  m_Layer: 0
  m_Name: foot_l
  m_TagString: Untagged
  m_Icon: {fileID: 0}
  m_NavMeshLayer: 0
  m_StaticEditorFlags: 0
  m_IsActive: 1
--- !u!4 &6164369172281168564
Transform:
  m_ObjectHideFlags: 0
  m_CorrespondingSourceObject: {fileID: 0}
  m_PrefabInstance: {fileID: 0}
  m_PrefabAsset: {fileID: 0}
  m_GameObject: {fileID: 7494700283682775700}
  m_LocalRotation: {x: -0.075384706, y: -0.0010302378, z: 0.01639254, w: 0.9970193}
  m_LocalPosition: {x: 0.40196696, y: 0, z: 0}
  m_LocalScale: {x: 1.0000001, y: 0.9999999, z: 1.0000001}
  m_ConstrainProportionsScale: 0
  m_Children:
  - {fileID: 7640919888620056190}
  m_Father: {fileID: 1019844494047142192}
  m_RootOrder: 0
  m_LocalEulerAnglesHint: {x: 0, y: 0, z: 0}
--- !u!1 &7960674343780937962
GameObject:
  m_ObjectHideFlags: 0
  m_CorrespondingSourceObject: {fileID: 0}
  m_PrefabInstance: {fileID: 0}
  m_PrefabAsset: {fileID: 0}
  serializedVersion: 6
  m_Component:
  - component: {fileID: 5650009663643876857}
  m_Layer: 0
  m_Name: ring_01_r
  m_TagString: Untagged
  m_Icon: {fileID: 0}
  m_NavMeshLayer: 0
  m_StaticEditorFlags: 0
  m_IsActive: 1
--- !u!4 &5650009663643876857
Transform:
  m_ObjectHideFlags: 0
  m_CorrespondingSourceObject: {fileID: 0}
  m_PrefabInstance: {fileID: 0}
  m_PrefabAsset: {fileID: 0}
  m_GameObject: {fileID: 7960674343780937962}
  m_LocalRotation: {x: -0.16285197, y: -0.042402357, z: -0.7564304, w: 0.63205576}
  m_LocalPosition: {x: 0.11297264, y: -0.023096008, z: -0.04876192}
  m_LocalScale: {x: 0.99999994, y: 1, z: 0.99999994}
  m_ConstrainProportionsScale: 0
  m_Children:
  - {fileID: 3296105116234051150}
  m_Father: {fileID: 3770750760824004580}
  m_RootOrder: 3
  m_LocalEulerAnglesHint: {x: 0, y: 0, z: 0}
--- !u!1 &7982810713627048988
GameObject:
  m_ObjectHideFlags: 0
  m_CorrespondingSourceObject: {fileID: 0}
  m_PrefabInstance: {fileID: 0}
  m_PrefabAsset: {fileID: 0}
  serializedVersion: 6
  m_Component:
  - component: {fileID: 3752153141232465625}
  m_Layer: 0
  m_Name: clavicle_r
  m_TagString: Untagged
  m_Icon: {fileID: 0}
  m_NavMeshLayer: 0
  m_StaticEditorFlags: 0
  m_IsActive: 1
--- !u!4 &3752153141232465625
Transform:
  m_ObjectHideFlags: 0
  m_CorrespondingSourceObject: {fileID: 0}
  m_PrefabInstance: {fileID: 0}
  m_PrefabAsset: {fileID: 0}
  m_GameObject: {fileID: 7982810713627048988}
  m_LocalRotation: {x: 0.77599645, y: 0.23373431, z: 0.5790834, w: 0.08865885}
  m_LocalPosition: {x: -0.11883758, y: -0.027321033, z: 0.037820026}
  m_LocalScale: {x: 1, y: 1.0000001, z: 1}
  m_ConstrainProportionsScale: 0
  m_Children:
  - {fileID: 4252449247621062690}
  m_Father: {fileID: 3557283465809169917}
  m_RootOrder: 1
  m_LocalEulerAnglesHint: {x: 0, y: 0, z: 0}
--- !u!1 &7993716827495990231
GameObject:
  m_ObjectHideFlags: 0
  m_CorrespondingSourceObject: {fileID: 0}
  m_PrefabInstance: {fileID: 0}
  m_PrefabAsset: {fileID: 0}
  serializedVersion: 6
  m_Component:
  - component: {fileID: 5577257284990523293}
  m_Layer: 0
  m_Name: ring_02_l
  m_TagString: Untagged
  m_Icon: {fileID: 0}
  m_NavMeshLayer: 0
  m_StaticEditorFlags: 0
  m_IsActive: 1
--- !u!4 &5577257284990523293
Transform:
  m_ObjectHideFlags: 0
  m_CorrespondingSourceObject: {fileID: 0}
  m_PrefabInstance: {fileID: 0}
  m_PrefabAsset: {fileID: 0}
  m_GameObject: {fileID: 7993716827495990231}
  m_LocalRotation: {x: -0.037878823, y: 0.03573129, z: -0.7485539, w: 0.6610261}
  m_LocalPosition: {x: -0.039640427, y: 0.0022889709, z: 0.004938974}
  m_LocalScale: {x: 1, y: 1, z: 1}
  m_ConstrainProportionsScale: 0
  m_Children:
  - {fileID: 8143055948910422466}
  m_Father: {fileID: 7963665663320312583}
  m_RootOrder: 0
  m_LocalEulerAnglesHint: {x: 0, y: 0, z: 0}
--- !u!1 &8067377559306459959
GameObject:
  m_ObjectHideFlags: 0
  m_CorrespondingSourceObject: {fileID: 0}
  m_PrefabInstance: {fileID: 0}
  m_PrefabAsset: {fileID: 0}
  serializedVersion: 6
  m_Component:
  - component: {fileID: 7837448373729237851}
  m_Layer: 0
  m_Name: pinky_02_r
  m_TagString: Untagged
  m_Icon: {fileID: 0}
  m_NavMeshLayer: 0
  m_StaticEditorFlags: 0
  m_IsActive: 1
--- !u!4 &7837448373729237851
Transform:
  m_ObjectHideFlags: 0
  m_CorrespondingSourceObject: {fileID: 0}
  m_PrefabInstance: {fileID: 0}
  m_PrefabAsset: {fileID: 0}
  m_GameObject: {fileID: 8067377559306459959}
  m_LocalRotation: {x: -0.008457553, y: 0.07877252, z: -0.7063136, w: 0.7034518}
  m_LocalPosition: {x: 0.03455452, y: -0.008104858, z: -0.0015161514}
  m_LocalScale: {x: 0.99999994, y: 1, z: 0.99999994}
  m_ConstrainProportionsScale: 0
  m_Children:
  - {fileID: 559833479083008543}
  m_Father: {fileID: 3340086921828000025}
  m_RootOrder: 0
  m_LocalEulerAnglesHint: {x: 0, y: 0, z: 0}
--- !u!1 &8337271638331361360
GameObject:
  m_ObjectHideFlags: 0
  m_CorrespondingSourceObject: {fileID: 0}
  m_PrefabInstance: {fileID: 0}
  m_PrefabAsset: {fileID: 0}
  serializedVersion: 6
  m_Component:
  - component: {fileID: 8126435513583768137}
  m_Layer: 0
  m_Name: lowerarm_l
  m_TagString: Untagged
  m_Icon: {fileID: 0}
  m_NavMeshLayer: 0
  m_StaticEditorFlags: 0
  m_IsActive: 1
--- !u!4 &8126435513583768137
Transform:
  m_ObjectHideFlags: 0
  m_CorrespondingSourceObject: {fileID: 0}
  m_PrefabInstance: {fileID: 0}
  m_PrefabAsset: {fileID: 0}
  m_GameObject: {fileID: 8337271638331361360}
  m_LocalRotation: {x: -0.021416651, y: -0.13985129, z: 0.7185778, w: 0.680903}
  m_LocalPosition: {x: -0.2555487, y: -0.0044671535, z: -0.0044636535}
  m_LocalScale: {x: 1.0000001, y: 1.0000001, z: 1.0000001}
  m_ConstrainProportionsScale: 0
  m_Children:
  - {fileID: 5038755789000110326}
  - {fileID: 732190218730539545}
  m_Father: {fileID: 5507971955074256462}
  m_RootOrder: 0
  m_LocalEulerAnglesHint: {x: 0, y: 0, z: 0}
--- !u!1 &8716600404168079102
GameObject:
  m_ObjectHideFlags: 0
  m_CorrespondingSourceObject: {fileID: 0}
  m_PrefabInstance: {fileID: 0}
  m_PrefabAsset: {fileID: 0}
  serializedVersion: 6
  m_Component:
  - component: {fileID: 572632247910867987}
  m_Layer: 0
  m_Name: middle_03_l
  m_TagString: Untagged
  m_Icon: {fileID: 0}
  m_NavMeshLayer: 0
  m_StaticEditorFlags: 0
  m_IsActive: 1
--- !u!4 &572632247910867987
Transform:
  m_ObjectHideFlags: 0
  m_CorrespondingSourceObject: {fileID: 0}
  m_PrefabInstance: {fileID: 0}
  m_PrefabAsset: {fileID: 0}
  m_GameObject: {fileID: 8716600404168079102}
  m_LocalRotation: {x: 0.0016214494, y: 0.038867004, z: 0.13362357, w: 0.9902684}
  m_LocalPosition: {x: -0.042414628, y: -0.0020013428, z: 0.001413269}
  m_LocalScale: {x: 0.9999998, y: 0.99999994, z: 0.99999976}
  m_ConstrainProportionsScale: 0
  m_Children: []
  m_Father: {fileID: 5783472113813643690}
  m_RootOrder: 0
  m_LocalEulerAnglesHint: {x: 0, y: 0, z: 0}
--- !u!1 &8916853895354965994
GameObject:
  m_ObjectHideFlags: 0
  m_CorrespondingSourceObject: {fileID: 0}
  m_PrefabInstance: {fileID: 0}
  m_PrefabAsset: {fileID: 0}
  serializedVersion: 6
  m_Component:
  - component: {fileID: 4846816650254372777}
  m_Layer: 0
  m_Name: thigh_l
  m_TagString: Untagged
  m_Icon: {fileID: 0}
  m_NavMeshLayer: 0
  m_StaticEditorFlags: 0
  m_IsActive: 1
--- !u!4 &4846816650254372777
Transform:
  m_ObjectHideFlags: 0
  m_CorrespondingSourceObject: {fileID: 0}
  m_PrefabInstance: {fileID: 0}
  m_PrefabAsset: {fileID: 0}
  m_GameObject: {fileID: 8916853895354965994}
  m_LocalRotation: {x: 0.28553128, y: 0.17521799, z: -0.07800388, w: 0.93898135}
  m_LocalPosition: {x: 0.014488297, y: -0.005314235, z: -0.090058096}
  m_LocalScale: {x: 1, y: 1, z: 0.9999999}
  m_ConstrainProportionsScale: 0
  m_Children:
  - {fileID: 1019844494047142192}
  m_Father: {fileID: 8441770423155676002}
  m_RootOrder: 1
  m_LocalEulerAnglesHint: {x: 0, y: 0, z: 0}
--- !u!1 &9081265363191422575
GameObject:
  m_ObjectHideFlags: 0
  m_CorrespondingSourceObject: {fileID: 0}
  m_PrefabInstance: {fileID: 0}
  m_PrefabAsset: {fileID: 0}
  serializedVersion: 6
  m_Component:
  - component: {fileID: 5765320258965028428}
  m_Layer: 0
  m_Name: thigh_r
  m_TagString: Untagged
  m_Icon: {fileID: 0}
  m_NavMeshLayer: 0
  m_StaticEditorFlags: 0
  m_IsActive: 1
--- !u!4 &5765320258965028428
Transform:
  m_ObjectHideFlags: 0
  m_CorrespondingSourceObject: {fileID: 0}
  m_PrefabInstance: {fileID: 0}
  m_PrefabAsset: {fileID: 0}
  m_GameObject: {fileID: 9081265363191422575}
  m_LocalRotation: {x: -0.123846255, y: 0.1763248, z: 0.97647405, w: 0.008377033}
  m_LocalPosition: {x: 0.014486617, y: -0.0053142747, z: 0.09005803}
  m_LocalScale: {x: 1, y: 1, z: 0.9999999}
  m_ConstrainProportionsScale: 0
  m_Children:
  - {fileID: 6421133578186552255}
  m_Father: {fileID: 8441770423155676002}
  m_RootOrder: 2
  m_LocalEulerAnglesHint: {x: 0, y: 0, z: 0}
